 Dungeon Crawl Stone Soup version 0.23-a0-650-ga4d50d4 (webtiles) character file.

2081817 Mgcat the Ruinous (level 27, 176/189 HPs)
             Began as a Gargoyle Ice Elementalist on Dec 27, 2018.
             Was the Champion of Vehumet.
             Escaped with the Orb
             ... and 4 runes on Jan 3, 2019!
             The game lasted 06:03:34 (85674 turns).

Mgcat the Ruinous (Gargoyle Ice Elementalist)      Turns: 85674, Time: 06:03:35

Health: 176/189    AC: 35    Str: 13    XL:     27
Magic:  54/54      EV: 22    Int: 33    God:    Vehumet [******]
Gold:   3161       SH: 11    Dex: 10    Spells: 9/62 levels left

rFire    + + .     SeeInvis +   a - +18 lance "Wyrmbane" {slay drac, rPois rF+ rC+ AC+3}
rCold    + + +     Gourm    .   Z - +3 buckler {rF+}
rNeg     + . .     Faith    .   d - +2 robe {Archmagi}
rPois    ∞         Spirit   .   q - +0 mask of the Dragon {MR+ Slay+3 SInv}
rElec    +         Reflect  +   g - scarf {rC+ rF+}
rCorr    .         Harm     .   y - +2 pair of gloves
MR       +++..                  G - +2 pair of boots {run}
Stlth    ++........             l - amulet "Kutaugah" {Reflect *Contam rPois MP+9 Int+5 SH+4}
HPRegen  0.41/turn              f - ring "Xaerukk" {Ice +Fly}
MPRegen  0.34/turn              j - +5 ring of evasion

@: flying, quick
A: antennae 1, big wings, negative energy resistance 1, sense surroundings 1,
robust 1, electricity resistance, wild magic 1, unbreathing, petrification
resistance, rot immunity, AC +20
0: Orb of Zot
}: 4/15 runes: serpentine, barnacled, slimy, abyssal
a: Stop Flying, Renounce Religion


You escaped.
You worshipped Vehumet.
Vehumet was exalted by your worship.
You were full.

You visited 10 branches of the dungeon, and saw 53 of its levels.
You visited the Abyss 2 times.
You visited 1 bazaar.
You also visited: Trove, Bailey, Gauntlet, Ice Cave and Desolation.

You collected 7663 gold pieces.
You spent 4502 gold pieces at shops.

Inventory:

Hand Weapons
 a - the +18 lance "Wyrmbane" (weapon) {slay drac, rPois rF+ rC+ AC+3}
   (You found it in a treasure trove)

   It affects your AC (+3).
   It protects you from fire.
   It protects you from cold.
   It protects you from poison.
Armour
 d - a +2 robe of the Archmagi (worn)
   (You took it off an orc wizard on level 12 of the Dungeon)
 g - a scarf of resistance (worn)
   (You found it on level 3 of the Realm of Zot)
 q - the +0 mask of the Dragon (worn) {MR+ Slay+3 SInv}
   (You bought it in a shop in a bazaar)

   It affects your accuracy and damage with ranged weapons and melee attacks
   (+3).
   It affects your resistance to hostile enchantments.
   It lets you see invisible.
 y - a +2 pair of gloves (worn)
   (You found it on level 6 of the Lair of Beasts)
 G - a +2 pair of boots of running (worn)
   (You found it in an ice cave)
 Z - a +3 buckler of fire resistance (worn)
   (You took it off a tengu reaver on level 4 of the Depths)
Magical Staves
 b - an uncursed staff of wizardry {wiz+, !a}
   (You found it on level 13 of the Dungeon)
 J - an uncursed staff of energy {+MP, hungerless spells, !d!a@w1}
   (You found it on level 3 of the Elven Halls)
Jewellery
 f - the ring "Xaerukk" (left hand) {Ice +Fly}
   (You found it on level 1 of the Realm of Zot)

   [ring of ice]

   It enhances your ice magic.
   It makes you vulnerable to fire.
   It protects you from cold.
   It lets you fly.
 i - the ring "Fothria" {Wiz rC+}
   (You acquired it on level 5 of the Pits of Slime)

   [ring of wizardry]

   It improves your spell success rate.
   It protects you from cold.
 j - a +5 ring of evasion (right hand)
   (You found it on level 5 of the Dungeon)
 l - the amulet "Kutaugah" (around neck) {Reflect *Contam rPois MP+9 Int+5 SH+4}
   (You bought it in a shop on level 1 of the Snake Pit)

   [amulet of reflection]

   It shields you and reflects attacks.
   It affects your intelligence (+5).
   It protects you from poison.
   It affects your magic capacity (+9).
   It causes magical contamination when unequipped.
   It affects your SH (+4).
 u - an uncursed ring of protection from fire {rF+, !d}
   (You acquired it on level 3 of the Shoals)
 M - an uncursed ring of protection from magic {MR+, !d}
   (You found it on level 1 of the Snake Pit)
 Y - an uncursed ring of resist corrosion
   (You found it on level 4 of the Shoals)
Wands
 h - a wand of acid (56)
   (You found it on level 4 of the Lair of Beasts)
 N - a wand of digging (9)
   (You found it on level 3 of the Lair of Beasts)
 U - a wand of iceblast (58)
   (You took it off a centaur on level 12 of the Dungeon)
Scrolls
 m - 12 scrolls of teleportation
 s - a scroll of silence
 D - 3 scrolls of identify
 H - 5 scrolls of blinking {!r}
 L - 9 scrolls of fear
 Q - a scroll of amnesia
 W - 5 scrolls of fog
 X - 15 scrolls of remove curse
Potions
 e - 4 potions of might
 k - 14 potions of agility
 n - 3 potions of ambrosia
 o - 4 potions of magic
 p - 8 potions of brilliance
 t - 12 potions of curing
 v - 3 potions of berserk rage {!q}
 x - 3 potions of resistance
 z - a potion of invisibility
 B - a potion of cancellation
 F - 4 potions of haste
 K - 5 potions of mutation {!q}
 O - a potion of heal wounds
Miscellaneous
 r - 3 boxes of beasts
 w - 3 sacks of spiders
 A - a crystal ball of energy
   (You found it in the Desolation of Salt)
 E - a lightning rod (4/4)
   (You found it on level 3 of the Elven Halls)
 R - a lamp of fire
   (You found it on level 3 of the Elven Halls)
 S - a fan of gales
   (You found it on level 3 of the Elven Halls)
 T - a phantom mirror
Comestibles
 c - 61 rations


   Skills:
 + Level 17.7 Fighting
 - Level 12.0 Polearms
 - Level 10.0 Armour
 - Level 12.0 Dodging
 - Level 12.0 Stealth
 - Level 4.0 Shields
 - Level 18.0 Spellcasting
 + Level 22.7 Conjurations
 - Level 5.0 Hexes
 - Level 9.5 Summonings
 - Level 13.7 Fire Magic
 + Level 21.5 Ice Magic
 - Level 4.0 Air Magic
 - Level 10.0 Evocations


You had 9 spell levels left.
You knew the following spells:

 Your Spells              Type           Power        Failure   Level  Hunger
a - Throw Icicle          Conj/Ice       ########     1%          4    None
b - Bolt of Cold          Conj/Ice       #########.   1%          6    None
c - Bolt of Fire          Conj/Fire      ########..   1%          6    None
d - Freezing Cloud        Conj/Ice/Air   #########.   1%          6    None
e - Sticky Flame          Conj/Fire      ########     1%          4    None
f - Summon Lightning Spi  Summ/Air       #######.     1%          4    None
g - Spellforged Servitor  Conj/Summ      ########..   1%          7    ###....
h - Glaciate              Conj/Ice       #########.   5%          9    ######.
i - Summon Mana Viper     Hex/Summ       ########     3%          5    None
j - Passwall              Tmut/Erth      ######..     3%          2    None

Your spell library contained the following spells:

 Spells                   Type           Power        Failure   Level  Hunger
 Lehudib's Crystal Spear  Conj/Erth      ########..   24%         8    #####..
 Tornado                  Air            #######...   100%        9    ######.
 Confusing Touch          Hex            ######       1%          1    None
 Corona                   Hex            #######      1%          1    None
 Freeze                   Ice            ####         1%          1    None
 Magic Dart               Conj           ####         1%          1    None
 Sandblast                Erth           ######       1%          1    None
 Shock                    Conj/Air       ####         1%          1    None
 Summon Butterflies       Summ           ########     1%          1    None
 Summon Small Mammal      Summ           ####         1%          1    None
 Call Imp                 Summ           ########     1%          2    None
 Ensorcelled Hibernation  Hex/Ice        ######       1%          2    None
 Poisonous Vapours        Pois/Air       ######       1%          2    None
 Slow                     Hex            #######.     1%          2    None
 Swiftness                Chrm/Air       ######..     1%          2    None
 Throw Frost              Conj/Ice       ######       1%          2    None
 Call Canine Familiar     Summ           ########     1%          3    None
 Confuse                  Hex            #######.     1%          3    None
 Conjure Flame            Conj/Fire      ########     1%          3    None
 Dazzling Spray           Conj/Hex       ######       1%          3    None
 Mephitic Cloud           Conj/Pois/Air  ########     1%          3    None
 Ozocubu's Armour         Chrm/Ice       ########     1%          3    None
 Recall                   Summ/Tloc      N/A          1%          3    None
 Static Discharge         Conj/Air       ########     1%          3    None
 Stone Arrow              Conj/Erth      ######       1%          3    None
 Summon Guardian Golem    Hex/Summ       ########     1%          3    None
 Tukima's Dance           Hex            #######.     1%          3    None
 Airstrike                Air            #######...   1%          4    None
 Ice Form                 Ice/Tmut       ########     1%          4    None
 Summon Ice Beast         Ice/Summ       ########     1%          4    None
 Bolt of Draining         Conj/Necr      ########..   1%          5    None
 Irradiate                Conj/Tmut      ########..   1%          5    None
 Lightning Bolt           Conj/Air       ########..   1%          5    None
 Summon Demon             Summ           ########..   1%          5    None
 Animate Skeleton         Necr           N/A          2%          1    None
 Apportation              Tloc           ######       2%          1    None
 Beastly Appendage        Tmut           ######       2%          1    None
 Infusion                 Chrm           ####         2%          1    None
 Pain                     Necr           ####         2%          1    None
 Spectral Weapon          Hex/Chrm       ######..     2%          3    None
 Blink                    Tloc           N/A          3%          2    None
 Corpse Rot               Necr           N/A          3%          2    None
 Shroud of Golubria       Chrm/Tloc      ######....   3%          2    None
 Song of Slaying          Chrm           ######..     3%          2    None
 Sticks to Snakes         Tmut           ######..     3%          2    None
 Cause Fear               Hex            #######...   3%          4    None
 Yara's Violent Unravell  Hex/Tmut       ######....   4%          5    None
 Regeneration             Chrm/Necr      ######....   6%          3    None
 Spider Form              Tmut/Pois      ######....   6%          3    None
 Vampiric Draining        Necr           ######....   6%          3    None
 Shadow Creatures         Summ           N/A          6%          6    None
 Silence                  Hex/Air        #######...   9%          5    None
 Lee's Rapid Deconstruct  Erth           ######....   13%         5    None
 Animate Dead             Necr           N/A          17%         4    None
 Petrify                  Tmut/Erth      ######..     17%         4    None
 Summon Hydra             Summ           ########..   30%         7    ###....
 Agony                    Necr           ######..     43%         5    None
 Blade Hands              Tmut           ######....   43%         5    None
 Dispel Undead            Necr           ######..     43%         5    None
 Excruciating Wounds      Chrm/Necr      ######....   43%         5    None
 Ring of Flames           Chrm/Fire      #######...   63%         7    ###....
 Deflect Missiles         Chrm/Air       ######....   71%         6    None
 Haunt                    Necr/Summ      #######...   88%         7    ###....
 Hydra Form               Tmut           ######....   92%         6    None
 Dragon Form              Tmut           ######....   100%        7    ###....
 Borgnjor's Revivificati  Necr           ######....   100%        8    #####..
 Death's Door             Chrm/Necr      ######....   100%        8    #####..
 Discord                  Hex            #######...   100%        8    #####..
 Infestation              Necr           ######....   100%        8    #####..
 Necromutation            Tmut/Necr      ######....   100%        8    #####..
 Sublimation of Blood     Necr           Unusable     N/A         2    N/A
 Statue Form              Tmut/Erth      Unusable     N/A         6    N/A

Dungeon Overview and Level Annotations

Branches:
Dungeon (15/15)            Temple (0/1) D:4            Lair (6/6) D:11
 Shoals (4/4) Lair:3        Snake (4/4) Lair:3        Slime (5/5) Lair:5
    Orc (2/2) D:12            Elf (3/3) Orc:2        Vaults (4/5) D:14
  Crypt (0/3) Vaults:2     Depths (5/5) D:15            Zot (5/5) Depths:5

Altars:
Dithmenos
Elyvilon
Fedhas
Gozag
Kikubaaqudgha
Makhleb
Nemelex Xobeh
Qazlal
Ru
Uskayaw
Vehumet
Xom
Yredelemnul
Zin
The Shining One
Jiyva

Shops:
D:9 ?   D:11 }   Orc:2 *[*%%   Shoals:2 *   Shoals:3 (   Shoals:4 **
Snake:1 :(}=!   Vaults:1 (   Vaults:2 [   Depths:1 *(

Portals:
Hell: Depths:1 Depths:2 Depths:3 Depths:4 Depths:5
Abyss: Depths:1 Depths:2 Depths:4 Depths:5
Pandemonium: Depths:1 Depths:3 Depths:5
Ziggurat: Depths:1

Annotations:
D:14 exclusion: Roxanne, Roxanne
Elf:2 3 runed doors
Depths:3 1 runed door
Depths:4 3 runed doors, exclusion: obsidian statue, Duffy's ghost, adept MiGl
Depths:5 exclusions: caustic shrike and 4 more exclusions


Innate Abilities, Weirdness & Mutations

You are resistant to torment.
Your stone body is resilient. (AC +20)
You are immune to poison.
Your large and strong wings let you fly indefinitely.
You resist negative energy. (rN+)
You are resistant to electric shocks. (rElec)
You can survive without breathing.
You are immune to petrification.
You are immune to rotting.
You have a pair of small antennae on your head.
You passively map a small area around you.
You are robust. (+10% HP)
Your spells are a little harder to cast, but a little more powerful.


Message History

(V) Vaults (C) Crypt (U) Depths (H) Hell (Z) Zot
Where to? (Enter - D:1, ? - help)
What level of the Dungeon? (default 1, ? - help)
An Executioner comes into view.
You regained 2 hp, and now have 163/189 hp.
You regained 2 mp, and now have 48/54 mp.
The two-headed ogre shaped block of ice melts away.
Casting: Glaciate (quite dangerous; 5% risk of failure)
Confirm with . or Enter, or press ? or * to list all spells.
You feel a surge of power!
You summon a servant imbued with your destructive magic!
You now have 41/54 mp.
Casting: Spellforged Servitor (safe; 1% risk of failure)
Confirm with . or Enter, or press ? or * to list all spells.
Aiming: Glaciate (quite dangerous; 5% risk of failure)
Press: ? - help, Shift-Dir - straight line, f - Executioner
Aim: an Executioner You feel a strong surge of power!
You conjure a mighty blast of ice!
The great icy blast engulfs the Executioner.
The Executioner partially resists.
The Executioner is severely wounded.
The Executioner is flash-frozen.
The Executioner gestures.
The Executioner seems to speed up.
The Executioner is engulfed in freezing vapours.
You now have 33/54 mp.
Your spellforged servitor hums quietly as it recharges.
The Executioner is engulfed in freezing vapours.
The Executioner gestures at you. You resist with almost no effort.
The Executioner is engulfed in freezing vapours.
The Executioner is engulfed in freezing vapours.
Your spellforged servitor gestures at the Executioner while chanting.
You hear a sizzling sound!
The Executioner is engulfed in freezing vapours.
You block the Executioner's attack. The Executioner closely misses you.
The Executioner barely misses you.
Your spellforged servitor hums quietly as it recharges.
The Executioner is engulfed in freezing vapours.
The Executioner hits you.
The Executioner hits you but does no damage.
You block the Executioner's attack.
The Executioner hits you but does no damage.
The Executioner misses you.
The Executioner hits you but does no damage.
The Executioner is engulfed in freezing vapours.
The Executioner hits you!
The Executioner hits you but does no damage.
The Executioner barely misses you.
You take 20 damage, and have 144/189 hp.
You hit the Executioner.
The Executioner is almost dead.
The Executioner is engulfed in freezing vapours.
You block the Executioner's attack. The Executioner hits you.
The Executioner hits you but does no damage.
Your spellforged servitor points at the Executioner and mumbles some strange The bolt of fire hits the Executioner.
The Executioner resists.
The Executioner dies!
Vehumet accepts your kill.
You hear a sizzling sound!
You take 1 damage, and have 143/189 hp.
(D) Dungeon (T) Temple (L) Lair (A) Shoals (P) Snake Pit (M) Slime Pits (O) Orcish Mines (E) Elven Halls (V) Vaults (C) Crypt (U) Depths (H) Hell (Z) Zot
Where to? (Enter - D:1 @ (x,y), ? - help)
What level of the Dungeon? (default 1, ? - help)
Things that are here:
a +0 leather armour; a +0 whip; a +0 dagger A great orb of eyes comes into view.
There is a stone staircase leading up here.
You regained 4 hp, and now have 147/189 hp.
You regained 3 mp, and now have 37/54 mp.
You fly upwards.
There is a stone staircase leading down here.
(D) Dungeon (T) Temple (L) Lair (A) Shoals (P) Snake Pit (M) Slime Pits (O) Orcish Mines (E) Elven Halls (V) Vaults (C) Crypt (U) Depths (H) Hell (Z) Zot
Where to? (Enter - D:1 @ (x,y), ? - help)
What level of the Dungeon? (default 1, ? - help)
You see here a cursed -2 whip.
There is a stone staircase leading up here.
You fly upwards.
There is a stone staircase leading down here.
There is an escape hatch in the ceiling here.
A mysterious force pulls you upwards. The hatch slams shut behind you.
Magic restored.
HP restored.
There is an escape hatch in the ceiling here.
A mysterious force pulls you upwards. The hatch slams shut behind you.
There is a stone staircase leading up here.
Magic restored.
You fly upwards.
There is a stone staircase leading down here.
There is a staircase leading out of the dungeon here.
You regained 27 hp, and now have 175/189 hp.
MP restored: 54 You have escaped!

# #.#.#...........#####..##..#. #
#.#.#.......###.........#..#.
#####.#......######.#####...#..#.
##.....##..............##...#..##
##.....##....♣♣♣♣♣♣♣♣♣.##>..#....
##.....##...♣..PP..PP♣.##.###.##.
#.....##.^.♣...P..PP♣.##.#......
####'###...♣P...PP..♣.##.#.#.##.
#.###...♣PP.@.P..♣.#....#.#..
#.......♣..P...PP♣.#..###.###
##########..♣..PP...P♣...........
............♣PP..P...♣...####.###
#########...♣PP..PP..♣...# #.#
#...♣♣♣♣♣♣♣♣♣....# #.#
#.........(.....#####.#
#...#.................#
#.......######.########


There were no monsters in sight!

Vanquished Creatures
  the Royal Jelly (Slime:5)
  Dissolution (Slime:4)
  3 orbs of fire (Zot:5)
  4 ancient liches (Zot:5)
  Mennas (Depths:5)
  5 Killer Klowns (Zot:5)
  A curse toe (Zot:2)
  6 golden dragons
  The ghost of Haggihos the Hoplite, a master VSFi of Hepliaklqana (Zot:1)
  Nikola (Snake:4)
  A golden dragon (shapeshifter) (Zot:3)
  A bone dragon (Abyss:3)
  the Enchantress (Depths:5)
  6 tentacled monstrosities
  An electric golem (Zot:5)
  6 liches
  21 Orb Guardians
  3 titans
  24 acid blobs
  2 deep elf blademasters (Elf:3)
  A kraken (Shoals:1)
  3 quicksilver dragons
  2 Executioners
  Gastronok (Lair:1)
  3 death cobs
  3 tentacled starspawn (Abyss:3)
  4 sphinxes
  11 storm dragons
  Kirke (Lair:4)
  5 shadow dragons
  3 tengu reavers
  An azure jelly (shapeshifter) (Zot:3)
  2 azure jellies (Slime:5)
  3 fire giants
  5 nagarajas
  6 deep elf sorcerers (Elf:3)
  7 draconian monks
  7 frost giants
  6 vault wardens
  An iron dragon (Depths:5)
  7 draconian knights
  7 draconian scorchers
  2 ghost moths
  10 ironheart preservers
  A cacodemon (Abyss:3)
  5 draconian shifters
  A balrug (Depths:5)
  3 angels
  A deep elf elementalist (Elf:3)
  11 stone giants
  A curse skull (Zot:3)
  4 draconian annihilators
  A spriggan defender (Depths:5)
  A reaper (Vaults:2)
  An entropy weaver (shapeshifter) (Zot:3)
  5 draconian stormcallers
  The ghost of Ragbag the Thrower, a journeyman DsHu of Okawaru (D:13)
  3 entropy weavers
  13 very ugly things
  A vampire knight (Vaults:2)
  3 red draconians
  4 green draconians
  6 white draconians
  6 black draconians
  6 starcursed masses (Abyss:3)
  4 deep elf demonologists
  A lorocyproca (Abyss:1)
  8 deep elf annihilators
  4 purple draconians
  Azrael (Snake:3)
  A dire elephant (Lair:6)
  A minotaur (shapeshifter) (Zot:3)
  18 yellow draconians
  An eidolon (Abyss:3)
  4 crystal guardians
  2 spark wasps (Depths:3)
  5 ettins
  6 merfolk javelineers
  3 death oozes (Slime:5)
  3 deep elf death magi
  5 merfolk impalers
  4 deep elf high priests
  Josephine (Orc:2)
  14 ogre magi
  2 jiangshi (Depths:2)
  5 ragged hierophants (Desolation)
  9 yaktaur captains
  9 great orbs of eyes
  7 servants of whispers (Desolation)
  8 fire dragons
  3 rakshasas
  15 ice dragons
  Harold (D:7)
  A hydra (Lair:5)
  2 spectral shadow dragons (Zot:1)
  8 small abominations
  9 vault guards
  3 peacekeepers (Desolation)
  6 naga warriors
  2 spriggan air magi (Depths:5)
  2 merfolk avatars
  6 anacondas
  9 merfolk aquamancers
  8 deep troll shamans
  2 death knights
  5 satyrs
  5 centaur warriors
  A hell beast (Depths:2)
  13 dancing weapons
  7 tengu warriors
  3 spectral draconians (Zot:1)
  39 two-headed ogres
  3 vampire magi
  4 hell hogs (Abyss:3)
  4 deep troll earth magi
  8 thrashing horrors
  Urug (Lair:1)
  6 death yaks
  8 orc high priests
  8 naga sharpshooters
  A spriggan berserker (Depths:5)
  10 shock serpents
  Sonja (Lair:1)
  A spectral red draconian (Zot:1)
  18 deep elf knights
  A wretched star (Abyss:3)
  A spriggan (Depths:5)
  A hell knight (Depths:4)
  A shock serpent (shapeshifter) (Vaults:1)
  Nergalle (Lair:4)
  9 spatial maelstroms (Abyss:3)
  7 skeletal warriors
  A storm dragon zombie (Depths:1)
  3 salamander mystics
  4 iron trolls
  2 soul eaters
  2 shadow wraiths
  13 deep trolls
  A fire crab (Gauntlet)
  21 sea snakes
  2 unseen horrors
  An unseen horror (shapeshifter) (Depths:3)
  A quicksilver dragon simulacrum (Zot:1)
  A phantasmal warrior (Depths:3)
  A shadow demon (Abyss:3)
  A naga ritualist (Snake:4)
  A flayed ghost (Depths:3)
  4 wizards
  A glowing orange brain (Depths:5)
  6 deep elf archers
  An obsidian statue (Shoals:4)
  10 ironbrand convokers
  30 harpies
  49 deep elf magi
  7 orc knights
  14 manticores
  A harpy (shapeshifter) (Abyss:1)
  4 necromancers
  33 ugly things
  9 mana vipers
  A frost giant zombie (Depths:1)
  4 orc sorcerers
  5 wolf spiders
  A wolf spider (shapeshifter) (Elf:3)
  10 cyclopes
  An oklob plant (Zot:2)
  2 shining eyes
  18 moths of wrath
  11 salamanders
  13 fauns
  12 elephants
  2 worldbinders (Abyss:3)
  10 vault sentinels
  An elephant (shapeshifter) (Vaults:4)
  3 water nymphs
  2 apocalypse crabs (Abyss:3)
  8 merfolk sirens
  A black mamba (shapeshifter) (Depths:1)
  3 ice statues (IceCv)
  2 orange demons
  12 guardian serpents
  2 rust devils
  A frost giant skeleton (Vaults:4)
  8 smoke demons
  22 black mambas
  3 eyes of devastation
  12 naga magi
  2 gargoyles
  6 spiny frogs
  A torpor snail (Lair:5)
  A molten gargoyle (Desolation)
  4 freezing wraiths
  An efreet (D:15)
  3 storm dragon simulacra (Zot:1)
  A hellion (Abyss:3)
  2 tormentors
  10 komodo dragons
  2 kobold demonologists
  6 rime drakes
  3 hellwings
  A yaktaur skeleton (Vaults:3)
  28 yaktaurs
  An anaconda simulacrum (Abyss:3)
  2 spectral moths of wrath (Zot:1)
  A golden dragon simulacrum (Zot:1)
  10 ice devils
  2 ancient zymes (Abyss:3)
  13 trolls
  3 polar bears
  A tengu conjurer (D:15)
  A jumping spider (Vaults:3)
  2 shadow dragon simulacra
  2 red devils
  A queen bee (D:13)
  A spriggan skeleton (Depths:1)
  5 harpy zombies (Zot:3)
  6 wind drakes
  A meliai (shapeshifter) (Vaults:4)
  31 merfolk
  14 snapping turtles
  8 hornets
  31 saltlings (Desolation)
  5 raiju
  A hornet (shapeshifter) (Vaults:2)
  A blink frog (shapeshifter) (Depths:2)
  42 slime creatures
  An ettin zombie (Vaults:4)
  8 dream sheep
  13 blink frogs
  11 hippogriffs
  A meliai zombie (D:13)
  A tarantella (Vaults:3)
  2 ynoxinuls (Abyss:3)
  3 redbacks
  A redback (shapeshifter) (D:15)
  19 water elementals
  An air elemental (Elf:3)
  2 flying skulls
  A shadow (D:15)
  7 wraiths
  Eustachio (D:4)
  7 large abominations
  A hog (Lair:4)
  3 basilisks
  Grum (D:10)
  5 wyverns
  7 fire elementals
  3 fire bats (Gauntlet)
  34 yaks
  A yaktaur simulacrum (Vaults:1)
  9 golden eyes
  3 chaos spawn (Abyss:3)
  A fire bat (shapeshifter) (Vaults:1)
  A hungry ghost (D:12)
  A neqoxec (Depths:5)
  A red draconian simulacrum (Zot:1)
  A steam dragon (D:9)
  Menkaure (D:7)
  6 spatial vortices (Abyss:3)
  47 nagas
  5 wargs
  6 acid dragons
  A floating eye (shapeshifter) (Vaults:4)
  2 soldier ants
  9 water moccasins
  13 porcupines
  3 hell hounds (Snake:3)
  A moth of wrath simulacrum (Zot:1)
  2 floating eyes
  40 orc warriors
  3 ice beasts
  3 sky beasts
  A hornet zombie (D:15)
  3 phantoms
  Duvessa (D:7)
  4 eyes of draining
  3 black bears
  18 centaurs
  31 ogres
  9 boggarts
  9 crocodiles
  An elf skeleton (Vaults:4)
  4 wolves
  2 human skeletons (Vaults:3)
  6 big kobolds
  18 bullfrogs
  A gnoll sergeant (D:7)
  3 earth elementals (Elf:1)
  Dowan (D:7)
  3 scorpions
  9 killer bees
  4 wights (D:14)
  A human simulacrum (Vaults:3)
  4 howler monkeys
  3 electric eels
  A draconian simulacrum (IceCv)
  3 centaur zombies
  13 crimson imps
  8 quasits
  10 centaur skeletons
  36 orc priests
  A gnoll shaman (Orc:1)
  Crazy Yiuf (D:4)
  6 hounds
  4 iron imps
  31 jellies
  3 bullfrog skeletons
  5 iguanas
  46 orc wizards
  9 worker ants
  3 hell rats (Lair:3)
  A spriggan simulacrum (IceCv)
  3 troll simulacra (IceCv)
  3 centaur simulacra
  A hound zombie (D:10)
  2 hound skeletons
  3 worker ant zombies
  2 howler monkey skeletons
  15 gnolls
  4 river rats (Lair:3)
  17 adders
  A hound simulacrum (D:9)
  3 naga simulacra (IceCv)
  8 shadow imps
  2 white imps
  5 ufetubi
  2 oozes
  An adder skeleton (D:4)
  3 adder zombies
  A worm (D:5)
  A dart slug (D:4)
  8 leopard geckos
  94 orcs
  7 giant cockroaches
  6 hobgoblins
  14 jackals
  3 quokkas
  A ball python (D:3)
  8 bats
  9 frilled lizards
  2 gnoll zombies (D:7)
  5 goblins
  A jackal skeleton (D:5)
  18 kobolds
  14 rats
  2 blocks of ice
  A butterfly (Zot:3)
  3 crawling corpses (Elf:3)
  2 lurking horrors (Abyss:3)
  11 plants
  4 starspawn tentacles (Abyss:3)
2192 creatures vanquished.

Vanquished Creatures (collateral kills)
  3 Killer Klowns (Zot:5)
  Xtahua (Depths:4)
  2 golden dragons
  An electric golem (Zot:5)
  A lich (Depths:2)
  5 tentacled monstrosities
  A quicksilver dragon (Zot:1)
  6 Orb Guardians (Zot:5)
  A deep elf blademaster (Elf:3)
  4 acid blobs
  3 deep elf master archers (Elf:3)
  An Executioner (D:6)
  4 death cobs
  3 tentacled starspawn
  Agnes (Snake:4)
  3 storm dragons
  A sphinx (Vaults:4)
  The ghost of heinrich the Eclecticist, an adept DrAE of Vehumet (Shoals:4)
  3 shadow dragons
  3 frost giants
  A tengu reaver (Depths:3)
  4 azure jellies
  A fire giant (Depths:3)
  Ilsuiw (Shoals:2)
  3 deep elf sorcerers (Elf:3)
  3 imperial myrmidons (Desolation)
  6 vault wardens
  An iron dragon (Depths:3)
  2 draconian shifters
  A ghoul (Abyss:3)
  A deep elf elementalist (Elf:3)
  3 spriggan defenders
  2 very ugly things
  2 stone giants
  A black draconian (Depths:5)
  A white draconian (Zot:2)
  3 green draconians
  2 deep elf annihilators
  2 vampire knights
  A red draconian (Zot:2)
  A minotaur (Gauntlet)
  Snorg (Lair:4)
  A purple draconian (Zot:1)
  An ettin (Depths:3)
  3 merfolk impalers (Shoals:4)
  3 deep elf death magi (Elf:3)
  A fire dragon (Depths:4)
  A ragged hierophant (Desolation)
  An ogre mage (Vaults:4)
  7 naga warriors
  Fannar (D:12)
  4 vault guards
  3 yaktaur captains
  A spriggan air mage (Depths:4)
  3 great orbs of eyes
  A merfolk avatar (Shoals:4)
  2 rakshasas
  2 peacekeepers (Desolation)
  A monstrous demonspawn (Depths:5)
  An anaconda (Snake:3)
  A centaur warrior (Vaults:1)
  A death knight (Zot:3)
  An alligator snapping turtle (Shoals:4)
  4 merfolk aquamancers (Shoals:4)
  5 deep troll earth magi
  2 deep troll shamans
  5 two-headed ogres
  A satyr (Shoals:4)
  4 tengu warriors (Depths:4)
  A thrashing horror (Abyss:3)
  3 naga sharpshooters
  2 shock serpents
  3 deep elf knights
  4 hell knights (Depths:4)
  A spectral yellow draconian (Zot:1)
  A sun demon (Abyss:3)
  An iron troll (Depths:3)
  2 sixfirhies (Abyss:3)
  A flayed ghost (Vaults:4)
  A skeletal warrior (Vaults:2)
  3 deep elf archers
  4 sea snakes
  2 naga ritualists
  A glowing orange brain (Depths:2)
  4 deep trolls
  2 ironbrand convokers
  11 starcursed masses
  2 phantasmal warriors
  An orc knight (Vaults:1)
  A salamander (Snake:1)
  6 ugly things
  A deep elf mage (Elf:1)
  3 harpies
  2 oklob plants (Zot:2)
  A worldbinder (Abyss:3)
  A cyclops (Shoals:4)
  3 manticores
  A frost giant skeleton (Depths:1)
  A faun (Shoals:4)
  2 wolf spiders
  6 moths of wrath
  2 water nymphs
  2 naga magi (Snake:3)
  2 vault sentinels (Vaults:1)
  2 guardian serpents (Snake:4)
  A stone giant skeleton (Vaults:3)
  A guardian serpent (shapeshifter) (Depths:2)
  A torpor snail (Lair:4)
  4 black mambas
  A spiny frog (shapeshifter) (Depths:2)
  An apocalypse crab (Abyss:3)
  A centaur skeleton (D:14)
  4 yaktaurs
  An efreet (Abyss:3)
  An ice devil (Abyss:1)
  A harpy zombie (Zot:3)
  4 small abominations
  A merfolk (Shoals:4)
  A troll (Vaults:2)
  3 tengu conjurers
  A wind drake (Shoals:4)
  An ancient zyme (Abyss:3)
  10 raiju
  A meliai (D:13)
  3 blink frogs (Abyss:3)
  13 saltlings (Desolation)
  A hornet (D:13)
  2 snapping turtles
  26 slime creatures
  A flying skull (Abyss:3)
  3 spriggans (Depths:5)
  5 water elementals (Shoals:4)
  A ynoxinul (Abyss:3)
  A golden eye (Lair:5)
  2 chaos spawn
  5 large abominations (Abyss:3)
  7 nagas
  An acid dragon (Vaults:1)
  3 eyes of draining
  A centaur (Vaults:1)
  An ogre (Depths:1)
  A boggart (D:14)
  A killer bee (D:13)
  6 jellies (Zot:2)
  An orc wizard (D:12)
  4 orcs
  7 kobolds (Bailey)
  A block of ice (Zot:5)
  A starspawn tentacle (Abyss:3)
375 creatures vanquished.

Vanquished Creatures (others)
  A frost giant (Depths:4)
  A stone giant (Depths:1)
  A merfolk javelineer (Shoals:4)
  A yaktaur captain (Vaults:4)
  A merfolk avatar (Shoals:4)
  A tengu warrior (Depths:4)
  An unseen horror (D:13)
  An obsidian statue (Gauntlet)
  3 deep elf archers (Elf:1)
  A cyclops (Vaults:2)
  A guardian serpent (Snake:3)
  3 naga magi
  4 yaktaurs
  A water elemental (Elf:1)
  3 humans (Lair:4)
  A jelly (Zot:2)
  4 ball lightnings (Shoals:4)
  83 blocks of ice
  A bush (Lair:2)
  32 fungi
  2 lurking horrors (Abyss:3)
  27 plants
  6 starspawn tentacles (Abyss:3)
180 creatures vanquished.

Grand Total: 2747 creatures vanquished

Notes
Turn   | Place    | Note
-------+----------+-------------------------------------------
     0 | D:1      | Mgcat the Gargoyle Ice Elementalist began the quest for the
                  | Orb.
     0 | D:1      | Reached XP level 1. HP: 10/10 MP: 3/3
   171 | D:1      | Reached XP level 2. HP: 16/16 MP: 3/5
   211 | D:1      | Learned a level 2 spell: Throw Frost
   258 | D:1      | Reached skill level 1 in Fighting
   717 | D:1      | Reached XP level 3. HP: 19/20 MP: 4/6
  1381 | D:2      | Found a burning altar of Makhleb.
  1381 | D:2      | Found a radiant altar of Vehumet.
  1384 | D:2      | Became a worshipper of Vehumet
  1604 | D:3      | Reached skill level 2 in Fighting
  1699 | D:3      | Reached XP level 4. HP: 24/26 MP: 5/8
  1802 | D:3      | Found a shimmering altar of Xom.
  1809 | D:3      | Reached skill level 3 in Spellcasting
  1824 | D:3      | Reached skill level 4 in Ice Magic
  1824 | D:3      | Reached XP level 5. HP: 26/31 MP: 1/9
  2025 | D:3      | Reached skill level 3 in Fighting
  2439 | D:3      | Reached XP level 6. HP: 36/37 MP: 0/11
  2743 | D:4      | Reached * piety under Vehumet
  2743 | D:4      | Offered knowledge of Flame Tongue by Vehumet.
  2763 | D:4      | Learned a level 1 spell: Flame Tongue
  2943 | D:4      | Learned a level 4 spell: Throw Icicle
  3053 | D:4      | Found a blossoming altar of Fedhas.
  3165 | D:4      | Noticed Eustachio
  3173 | D:4      | Found a staircase to the Ecumenical Temple.
  3203 | D:4      | Killed Eustachio
  3203 | D:4      | Reached skill level 4 in Fighting
  3203 | D:4      | Reached skill level 4 in Spellcasting
  3203 | D:4      | Reached skill level 1 in Fire Magic
  3203 | D:4      | Reached XP level 7. HP: 32/43 MP: 7/13
  3246 | D:4      | Reached skill level 2 in Conjurations
  3275 | D:4      | Reached skill level 5 in Ice Magic
  3548 | D:4      | Found a white marble altar of Elyvilon.
  3614 | D:4      | Found a sacrificial altar of Ru.
  4069 | D:4      | Found a runed door.
  4073 | D:4      | Noticed Crazy Yiuf
  4077 | D:4      | Killed Crazy Yiuf
  4077 | D:4      | Reached skill level 2 in Fire Magic
  4176 | D:5      | Entered Level 5 of the Dungeon
  4390 | D:5      | HP: 9/44 [centaur (5)]
  4393 | D:5      | Reached skill level 3 in Conjurations
  4393 | D:5      | Reached XP level 8. HP: 6/48 MP: 5/14
  4393 | D:5      | HP: 2/48 [orc/cursed -2 whip (4)]
  4466 | D:4      | HP: 9/48 [adder (4)]
  4898 | D:5      | Found a stormy altar of Qazlal.
  5036 | D:5      | Reached skill level 5 in Fighting
  5148 | D:5      | Reached ** piety under Vehumet
  5148 | D:5      | Offered knowledge of Sting by Vehumet.
  5209 | D:5      | Reached skill level 3 in Fire Magic
  5375 | D:5      | Found a sparkling altar of Nemelex Xobeh.
  5542 | D:5      | Found a hide-covered altar of Uskayaw.
  5777 | D:6      | Reached skill level 5 in Spellcasting
  5907 | D:6      | Noticed a two-headed ogre
  6033 | D:6      | Reached skill level 4 in Conjurations
  6033 | D:6      | Reached skill level 6 in Ice Magic
  6805 | D:7      | Found a basalt altar of Yredelemnul.
  6822 | D:7      | Noticed Duvessa
  6822 | D:7      | Noticed Dowan
  6839 | D:7      | Killed Duvessa
  6844 | D:7      | Killed Dowan
  6844 | D:7      | Reached skill level 4 in Fire Magic
  6844 | D:7      | Reached XP level 9. HP: 20/54 MP: 6/17
  6996 | D:7      | Noticed Menkaure
  7010 | D:7      | Killed Menkaure
  7130 | D:7      | Reached skill level 5 in Conjurations
  7301 | D:7      | Found an opulent altar of Gozag.
  7321 | D:7      | Offered knowledge of Throw Flame by Vehumet.
  7325 | D:7      | Learned a level 2 spell: Throw Flame
  7375 | D:7      | Noticed Harold
  7396 | D:7      | Killed Harold
  7396 | D:7      | Reached skill level 6 in Spellcasting
  7396 | D:7      | Reached skill level 6 in Conjurations
  7396 | D:7      | Reached skill level 5 in Fire Magic
  7396 | D:7      | Reached skill level 7 in Ice Magic
  8202 | D:8      | Reached *** piety under Vehumet
  8202 | D:8      | Reached XP level 10. HP: 59/59 MP: 13/20
  8459 | D:8      | Reached skill level 6 in Fire Magic
  8673 | D:8      | Found an ancient bone altar of Kikubaaqudgha.
  8713 | D:8      | Reached skill level 7 in Spellcasting
  8959 | D:8      | You fall through a shaft for 2 floors!
  8959 | D:10     | Entered Level 10 of the Dungeon
  9064 | D:9      | Reached skill level 7 in Conjurations
  9064 | D:9      | Reached skill level 8 in Ice Magic
  9136 | D:9      | Offered knowledge of Sticky Flame by Vehumet.
  9495 | D:9      | Noticed a two-headed ogre
  9512 | D:9      | Killed a two-headed ogre
  9996 | D:8      | Found a shadowy altar of Dithmenos.
 10063 | D:9      | Found Gotithru's Magic Scroll Shoppe.
 10209 | D:9      | Reached skill level 8 in Conjurations
 10310 | D:9      | Reached **** piety under Vehumet
 10317 | D:9      | Learned a level 4 spell: Sticky Flame
 10693 | D:9      | Noticed a two-headed ogre
 10705 | D:9      | Killed a two-headed ogre
 10705 | D:9      | Reached skill level 1 in Armour
 10705 | D:9      | Reached skill level 2 in Dodging
 10705 | D:9      | Reached skill level 8 in Spellcasting
 10705 | D:9      | Reached skill level 9 in Ice Magic
 10705 | D:9      | Reached XP level 11. HP: 31/63 MP: 4/23
 10927 | D:9      | Reached skill level 2 in Armour
 10930 | D:9      | Offered knowledge of Yara's Violent Unravelling by Vehumet.
 12040 | D:10     | Found a shimmering altar of Xom.
 12050 | D:10     | Noticed a tengu warrior
 12069 | D:10     | Killed a tengu warrior
 12069 | D:10     | Reached skill level 3 in Armour
 12118 | D:10     | Noticed Grum
 12134 | D:10     | Reached skill level 3 in Dodging
 12168 | D:10     | Killed Grum
 12168 | D:10     | Reached skill level 9 in Conjurations
 12676 | D:11     | Found a frozen archway.
 12698 | IceCv    | Entered an ice cave
 12937 | IceCv    | Reached skill level 4 in Armour
 13167 | IceCv    | HP: 13/63 [ice statue] (9)]
 13560 | IceCv    | Reached ***** piety under Vehumet
 13634 | IceCv    | Offered knowledge of Airstrike by Vehumet.
 14433 | IceCv    | Reached skill level 4 in Dodging
 14453 | IceCv    | Reached XP level 12. HP: 56/68 MP: 6/24
 14581 | IceCv    | Reached skill level 9 in Spellcasting
 14661 | IceCv    | Reached skill level 7 in Fire Magic
 14661 | IceCv    | Reached skill level 10 in Ice Magic
 14945 | IceCv    | Got a shimmering fustibalus
 14952 | IceCv    | Got an ivory mace
 15042 | D:11     | Identified the cursed +1 mace "Searoxki" {drain, *Corrode
                  | Fragile rPois rC+++} (You found it in an ice cave)
 15048 | D:11     | Identified a +0 pair of boots of running (You found it in
                  | an ice cave)
 15051 | D:11     | Identified the cursed +3 fustibalus of Goligopy {speed,
                  | Dex+2} (You found it in an ice cave)
 15350 | D:11     | Found Byxzuh's Gadget Emporium.
 15406 | D:11     | Reached skill level 5 in Armour
 15568 | D:11     | Found a staircase to the Lair.
 15998 | Lair:1   | Entered Level 1 of the Lair of Beasts
 16166 | Lair:1   | Noticed Gastronok
 16177 | Lair:1   | Noticed Sonja
 16220 | Lair:1   | Killed Sonja
 16259 | Lair:1   | Killed Gastronok
 16259 | Lair:1   | Reached skill level 10 in Conjurations
 16439 | Lair:1   | Noticed Urug
 16452 | Lair:1   | Killed Urug
 16865 | Lair:1   | Learned a level 4 spell: Summon Lightning Spire
 16934 | Lair:2   | You fall through a shaft!
 17045 | Lair:3   | Reached skill level 5 in Dodging
 17067 | Lair:3   | Got a translucent scale mail
 17078 | Lair:3   | Identified the +6 scale mail "Nalaf" {MR+ Dex+4} (You found
                  | it on level 3 of the Lair of Beasts)
 17801 | Lair:2   | Noticed a death yak
 17852 | Lair:2   | Killed a death yak
 17852 | Lair:2   | Reached skill level 1 in Summonings
 17966 | Lair:2   | Identified a scroll of acquirement
 17967 | Lair:2   | Got a steaming marble ring
 17969 | Lair:2   | Identified the ring "Ruiwix" {rPois rN+ MR+++ Str-4 Int-3}
                  | (You acquired it on level 2 of the Lair of Beasts)
 17983 | Lair:2   | Noticed a death yak
 17989 | Lair:2   | Noticed a death yak
 17990 | Lair:2   | Noticed a death yak
 17997 | Lair:2   | Killed a death yak
 17997 | Lair:2   | Reached skill level 1 in Air Magic
 18011 | Lair:2   | Noticed a death yak
 18023 | Lair:1   | Killed a death yak
 18023 | Lair:1   | Reached skill level 8 in Fire Magic
 18196 | Lair:2   | Reached XP level 13. HP: 73/73 MP: 21/26
 18738 | Lair:2   | Reached skill level 6 in Summonings
 18738 | Lair:2   | Gained mutation: Your large and strong wings let you fly
                  | indefinitely. [Gargoyle growth]
 18738 | Lair:2   | Reached XP level 14. HP: 78/78 MP: 27/27
 18869 | Lair:2   | Reached skill level 7 in Summonings
 19090 | Lair:3   | Found a staircase to the Shoals.
 19379 | Lair:3   | Reached skill level 2 in Air Magic
 19468 | Lair:3   | Found a staircase to the Snake Pit.
 19866 | Lair:4   | Reached skill level 6 in Armour
 19980 | Lair:4   | Reached skill level 6 in Fighting
 20179 | Lair:4   | Noticed Kirke
 20180 | Lair:4   | Noticed Snorg
 20200 | Lair:4   | Killed Kirke
 20215 | Lair:4   | HP: 19/80 [Snorg (7)]
 20215 | Lair:4   | Killed Snorg
 20584 | Lair:4   | Offered knowledge of Poison Arrow by Vehumet.
 20584 | Lair:4   | Reached skill level 10 in Spellcasting
 20676 | Lair:4   | Noticed Nergalle
 20698 | Lair:4   | Killed Nergalle
 20698 | Lair:4   | Reached skill level 11 in Ice Magic
 21275 | Lair:5   | Found a staircase to the Slime Pits.
 21421 | Lair:5   | Reached skill level 3 in Air Magic
 21548 | Lair:5   | Found a runed door.
 21798 | Lair:5   | Learned a level 6 spell: Freezing Cloud
 21882 | Lair:5   | Reached skill level 11 in Conjurations
 21993 | Lair:5   | Reached skill level 6 in Dodging
 22293 | Lair:6   | Entered Level 6 of the Lair of Beasts
 22338 | Lair:6   | Found a gate leading to a gauntlet.
 22440 | Lair:5   | Reached skill level 9 in Fire Magic
 22558 | Gauntlet | Entered a Gauntlet
 22558 | Gauntlet | Found a transporter.
 22558 | Gauntlet | Found a transporter.
 22578 | Gauntlet | Found a transporter.
 22582 | Gauntlet | Found a transporter.
 22592 | Gauntlet | Found a transporter.
 22596 | Gauntlet | Found a transporter.
 22606 | Gauntlet | Found a transporter.
 22627 | Gauntlet | Found a transporter.
 22633 | Gauntlet | Found a transporter.
 22637 | Gauntlet | Found a transporter.
 22649 | Gauntlet | Found a transporter.
 22651 | Gauntlet | Found a transporter.
 22874 | Gauntlet | Got a brightly glowing hand axe
 22936 | Gauntlet | Identified the cursed +1 hand axe of False Accusations
                  | {distort, MP+9 Stlth+} (You found it in a Gauntlet)
 22977 | Gauntlet | Gained mutation: Scrolls take you a little longer to read.
                  | [a neqoxec]
 23061 | Gauntlet | Gained mutation: Scrolls take you longer to read. [a
                  | neqoxec]
 23094 | Gauntlet | Reached skill level 7 in Armour
 23256 | Gauntlet | Identified the Catalogue of Lucky Snow
 23472 | Lair:6   | Reached skill level 7 in Fighting
 23472 | Lair:6   | Reached XP level 15. HP: 64/86 MP: 6/29
 23554 | Lair:6   | HP: 18/86 [spiny frog (7)]
 23560 | Lair:6   | HP: 13/86 [spiny frog (3)]
 24454 | Lair:6   | Reached skill level 8 in Summonings
 24576 | Lair:6   | Reached skill level 4 in Air Magic
 24864 | Lair:6   | Found the +0 sword of Power
 25080 | D:12     | Noticed Fannar
 25092 | D:12     | Killed Fannar
 25257 | D:12     | Reached skill level 8 in Armour
 25603 | D:12     | Reached skill level 8 in Fighting
 25605 | D:12     | Offered knowledge of Bolt of Fire by Vehumet.
 25627 | D:12     | Learned a level 6 spell: Bolt of Fire
 25689 | D:12     | Found a staircase to the Orcish Mines.
 25936 | D:12     | Identified the cursed +0 leather armour of the Grue {Regen+
                  | SInv}
 26132 | Orc:1    | Entered Level 1 of the Orcish Mines
 26409 | Orc:2    | Entered Level 2 of the Orcish Mines
 26409 | Orc:2    | Noticed Josephine
 26725 | Orc:1    | Found a flagged portal.
 26737 | Bailey   | Entered a bailey
 26938 | Bailey   | Found a burning altar of Makhleb.
 27032 | Orc:2    | Found a staircase to the Elven Halls.
 27265 | Orc:2    | Reached skill level 10 in Fire Magic
 27296 | Orc:2    | Killed Josephine
 27416 | Orc:2    | Found Saiddipi's Food Boutique.
 27479 | Orc:2    | Offered knowledge of Bolt of Cold by Vehumet.
 27487 | Orc:2    | Learned a level 6 spell: Bolt of Cold
 27638 | Orc:2    | Reached skill level 12 in Conjurations
 27700 | Orc:2    | Reached skill level 11 in Spellcasting
 27700 | Orc:2    | Reached skill level 12 in Ice Magic
 28352 | Orc:2    | Found Xorameog's General Store.
 28352 | Orc:2    | Found Hunlatsy's General Store.
 28353 | Orc:2    | Found Ikalig's Food Emporium.
 28425 | Orc:2    | Found Itaholag's Antique Armour Shoppe.
 28975 | Orc:1    | You are sucked into a shaft!
 29219 | D:13     | Found a transporter.
 29223 | D:13     | Found a transporter.
 29223 | D:13     | Noticed Ragbag's ghost (journeyman DsHu)
 29283 | D:13     | Reached XP level 16. HP: 95/95 MP: 9/31
 29672 | D:13     | Reached skill level 9 in Fighting
 29689 | D:13     | Offered knowledge of Iron Shot by Vehumet.
 30078 | D:14     | Noticed Roxanne
 30931 | D:14     | Found the +15 Maxwell's patent armour {-Cast -Tele rElec
                  | MR+ rCorr}
 31436 | D:14     | Reached skill level 9 in Armour
 31642 | D:14     | Found a gate to the Vaults.
 31903 | D:15     | Entered Level 15 of the Dungeon
 32708 | D:15     | Reached skill level 1 in Shields
 32853 | D:15     | Found a staircase to the Depths.
 33013 | D:15     | Reached skill level 11 in Fire Magic
 33125 | D:15     | Reached skill level 2 in Shields
 33591 | Snake:1  | Entered Level 1 of the Snake Pit
 33591 | Snake:1  | Found Ughij's Distillery.
 33591 | Snake:1  | Found a runed door.
 33758 | Snake:1  | Offered knowledge of Spellforged Servitor by Vehumet.
 33772 | Snake:1  | Reached skill level 10 in Fighting
 33783 | Snake:1  | Learned a level 7 spell: Spellforged Servitor
 33878 | Snake:1  | Found Gaduer's Antique Weapon Emporium.
 33878 | Snake:1  | Found Ampuxtihe's Book Shop.
 33925 | Snake:1  | Found Lakhunis's Gadget Shop.
 33976 | Snake:1  | HP: 22/97 [naga warrior/+0 halberd (6)]
 33980 | Snake:1  | HP: 8/97 [naga warrior/+0 halberd (3)]
 33990 | Snake:1  | HP: 21/97 [salamander/+4 trident (13)]
 33990 | Snake:1  | Reached skill level 13 in Conjurations
 34285 | Snake:1  | Reached skill level 3 in Shields
 34427 | Snake:1  | Bought a slimy battleaxe for 276 gold pieces
 34432 | Snake:1  | Identified the +6 battleaxe of Dissent {chop, MP+9 Str+4
                  | Int-5} (You bought it in a shop on level 1 of the Snake
                  | Pit)
 34451 | Snake:1  | Found Guvareg's Jewellery Emporium.
 34457 | Snake:1  | Bought the amulet "Kutaugah" {Reflect *Contam rPois MP+9
                  | Int+5 SH+4} for 1116 gold pieces
 34817 | Snake:1  | Reached XP level 17. HP: 83/102 MP: 32/32
 35336 | Shoals:1 | Entered Level 1 of the Shoals
 35475 | Shoals:1 | Reached skill level 10 in Armour
 35680 | Shoals:1 | Reached skill level 13 in Ice Magic
 35715 | Shoals:1 | You are sucked into a shaft!
 35881 | Shoals:1 | Noticed a kraken
 35889 | Shoals:1 | Killed a kraken
 35889 | Shoals:1 | Reached skill level 12 in Spellcasting
 36557 | Shoals:2 | Reached ****** piety under Vehumet
 36560 | Shoals:2 | Offered knowledge of Conjure Ball Lightning by Vehumet.
 37002 | Shoals:2 | Noticed Ilsuiw
 37008 | Shoals:2 | Killed Ilsuiw
 37257 | Shoals:2 | Reached skill level 9 in Summonings
 37522 | Shoals:2 | Found Fuentuopn's Mayhem Merchandise.
 37789 | Shoals:2 | Reached skill level 12 in Fire Magic
 37950 | Shoals:2 | Noticed a titan
 37977 | Shoals:2 | Killed a titan
 38083 | Shoals:2 | Got an encrusted hand axe
 38410 | Shoals:3 | Reached skill level 7 in Dodging
 38422 | Shoals:3 | Offered knowledge of Lehudib's Crystal Spear by Vehumet.
 38422 | Shoals:3 | Offered knowledge of Glaciate by Vehumet.
 38422 | Shoals:3 | Offered knowledge of Tornado by Vehumet.
 38607 | Shoals:3 | Reached XP level 18. HP: 98/107 MP: 34/34
 38761 | Shoals:3 | Found Qeruaraw's Antique Weapon Boutique.
 39224 | Shoals:4 | Entered Level 4 of the Shoals
 39349 | Shoals:4 | Reached skill level 14 in Conjurations
 39658 | Shoals:4 | Identified the +2 hunting sling of Twilight {velocity, +Inv
                  | rPois rN++ Int-4}
 40498 | Shoals:4 | Reached skill level 4 in Shields
 40718 | Shoals:4 | Got a barnacled rune of Zot
 40918 | Shoals:4 | Found a runed gate.
 40920 | Shoals:4 | Found a runed gate.
 40920 | Shoals:4 | Found a runed gate.
 40920 | Shoals:4 | Found an opulent altar of Gozag.
 40920 | Shoals:4 | Noticed heinrich's ghost (adept DrAE)
 40926 | Shoals:4 | Found Qyakorch's Assorted Antiques.
 40926 | Shoals:4 | Found Bugoivvu's Assorted Antiques.
 41057 | Shoals:4 | Reached skill level 14 in Ice Magic
 41792 | Snake:2  | Reached skill level 8 in Dodging
 42180 | Snake:3  | Reached skill level 13 in Spellcasting
 42841 | Snake:3  | Noticed Azrael
 42844 | Snake:3  | Killed Azrael
 43206 | Snake:3  | Reached skill level 13 in Fire Magic
 43399 | Snake:3  | Reached XP level 19. HP: 112/112 MP: 36/36
 43788 | Snake:4  | Entered Level 4 of the Snake Pit
 44309 | Snake:4  | Reached skill level 15 in Conjurations
 44454 | Snake:4  | Noticed Agnes
 44464 | Snake:4  | Killed Agnes
 44483 | Snake:4  | Noticed Nikola
 44677 | Snake:4  | Killed Nikola
 45814 | Snake:4  | Reached skill level 15 in Ice Magic
 45855 | Snake:4  | Got a serpentine rune of Zot
 46111 | Vaults:1 | Entered Level 1 of the Vaults
 46340 | Vaults:1 | Reached skill level 3 in Stealth
 47043 | D:13     | Killed Ragbag's ghost
 47277 | Vaults:1 | Reached skill level 1 in Evocations
 47278 | Vaults:1 | Reached skill level 14 in Spellcasting
 47279 | Vaults:1 | Reached skill level 4 in Stealth
 47615 | Vaults:1 | Reached XP level 20. HP: 117/117 MP: 38/38
 47711 | Vaults:1 | Reached skill level 2 in Evocations
 48003 | Vaults:1 | Reached skill level 5 in Stealth
 48230 | Vaults:1 | Reached skill level 16 in Conjurations
 48365 | Vaults:1 | Reached skill level 3 in Evocations
 48920 | Vaults:1 | Found Rizuot Tinn's Antique Weapon Boutique.
 49603 | Vaults:2 | Found Aloess's Antique Armour Shop.
 49611 | Vaults:2 | Bought a faintly humming robe for 182 gold pieces
 49613 | Vaults:2 | Identified the cursed +0 robe "Pygehuf" {rPois Int+2} (You
                  | bought it in a shop on level 2 of the Vaults)
 49675 | Vaults:2 | Reached skill level 4 in Evocations
 50580 | Vaults:2 | Found a staircase to the Crypt.
 50665 | Vaults:2 | Got a brightly glowing hand axe
 51074 | Vaults:3 | Reached skill level 5 in Evocations
 51648 | Vaults:3 | Reached skill level 16 in Ice Magic
 52005 | Vaults:3 | Reached skill level 15 in Spellcasting
 52005 | Vaults:3 | Reached XP level 21. HP: 122/122 MP: 6/40
 52407 | Vaults:3 | Reached skill level 17 in Conjurations
 53422 | Vaults:4 | Found a gateway to a bazaar.
 53451 | Bazaar   | Entered a bazaar
 53451 | Bazaar   | Found Xuuh's Food Shop.
 53454 | Bazaar   | Found Xiorot's Magic Scroll Shop.
 53462 | Bazaar   | Bought a scroll of magic mapping for 42 gold pieces
 53463 | Bazaar   | Found Tolac's Assorted Antiques.
 53471 | Bazaar   | Bought the +0 mask of the Dragon {MR+ Slay+3 SInv} for 1102
                  | gold pieces
 53471 | Bazaar   | Found the +0 mask of the Dragon {MR+ Slay+3 SInv}
 53471 | Bazaar   | Bought a transparent robe for 188 gold pieces
 53488 | Bazaar   | Found Imezuut's Antique Armour Emporium.
 53496 | Bazaar   | Found Ulai's Distillery.
 53504 | Bazaar   | Bought a potion of haste for 90 gold pieces
 53504 | Bazaar   | Bought a potion of resistance for 90 gold pieces
 53504 | Bazaar   | Bought 2 potions of cancellation for 144 gold pieces
 53524 | Bazaar   | Identified the +1 robe of Ridepp {rCorr Str+4} (You bought
                  | it in a shop in a bazaar)
 53551 | Bazaar   | Bought 2 potions of haste for 660 gold pieces
 54812 | Vaults:4 | Reached skill level 17 in Ice Magic
 55019 | Vaults:4 | Reached skill level 18 in Conjurations
 55659 | Depths:1 | Entered Level 1 of the Depths
 55697 | Depths:1 | Noticed a golden dragon
 55717 | Depths:1 | Reached skill level 16 in Spellcasting
 55865 | Depths:1 | Found a gateway to Hell.
 55905 | Depths:1 | Reached XP level 22. HP: 122/127 MP: 34/42
 56005 | Depths:1 | Found a one-way gate leading to the halls of Pandemonium.
 56047 | Depths:1 | Found a gateway to a ziggurat.
 56074 | Depths:1 | Found a one-way gate to the infinite horrors of the Abyss.
 56300 | Depths:1 | Found Ohoufy's Assorted Antiques.
 56306 | Depths:1 | Bought a weird jewelled staff for 492 gold pieces
 56308 | Depths:1 | Found Ralosh's Weapon Shop.
 56504 | Depths:1 | You are sucked into a shaft!
 56504 | Depths:2 | Noticed a golden dragon
 56515 | Depths:2 | Killed a golden dragon
 56922 | Depths:2 | Found a portal to a secret trove of treasure.
 57101 | D:9      | Bought a scroll of identify for 24 gold pieces
 57101 | D:9      | Bought a scroll of identify for 24 gold pieces
 57101 | D:9      | Bought a scroll of identify for 24 gold pieces
 57101 | D:9      | Bought a scroll of identify for 24 gold pieces
 57101 | D:9      | Bought a scroll of identify for 24 gold pieces
 57352 | Shoals:4 | Killed heinrich's ghost
 58901 | Depths:2 | You paid a toll of 22 scrolls of identify to enter a
                  | treasure trove
 58902 | Trove    | Entered a treasure trove
 58918 | Trove    | Got a sapphire quarterstaff
 58922 | Trove    | Got a transparent hand axe
 58927 | Trove    | Found the +8 lance "Wyrmbane" {slay drac, rPois rF+ rC+
                  | AC+3}
 58931 | Trove    | Got a brightly glowing hunting sling
 58940 | Trove    | Found the +5 pair of quick blades "Gyre" and "Gimble"
                  | {pierce, Dex-3}
 58946 | Trove    | Got a scorched broad axe
 58955 | Trove    | Got a fine falchion
 59130 | Depths:3 | Reached skill level 18 in Ice Magic
 59359 | Depths:3 | Reached skill level 1 in Polearms
 59817 | Depths:3 | Reached skill level 11 in Fighting
 60096 | Depths:3 | Reached skill level 19 in Conjurations
 60098 | Depths:3 | Reached skill level 2 in Polearms
 60423 | Depths:3 | Noticed a golden dragon
 60434 | Depths:3 | Killed a golden dragon
 60434 | Depths:3 | Reached skill level 3 in Polearms
 60434 | Depths:3 | Reached XP level 23. HP: 40/135 MP: 35/43
 60880 | Depths:3 | Got a crude leather armour
 61339 | Depths:3 | Found a runed door.
 61662 | Depths:4 | Noticed Xtahua
 61676 | Depths:4 | Killed Xtahua
 61676 | Depths:4 | Reached skill level 17 in Spellcasting
 61689 | Depths:4 | Reached skill level 4 in Polearms
 62312 | Depths:3 | Upgraded the game from 0.23-a0-635-g88ca12a to
                  | 0.23-a0-636-g0ff6057
 62418 | Depths:4 | Found a runed gate.
 62467 | Depths:4 | Found a runed gate.
 62467 | Depths:4 | Found an opulent altar of Gozag.
 62468 | Depths:4 | Found a runed gate.
 62469 | Depths:4 | Noticed Duffy's ghost (adept MiGl)
 62472 | Depths:4 | Found Hozusihe's Assorted Antiques.
 62618 | Depths:4 | Found a shadowy altar of Dithmenos.
 62787 | Depths:4 | Reached skill level 12 in Fighting
 63053 | Depths:5 | Entered Level 5 of the Depths
 63229 | Depths:5 | Gained mutation: Potions are less effective at restoring
                  | your health. [a neqoxec]
 63259 | Depths:5 | Reached skill level 5 in Polearms
 63618 | Depths:5 | Found a gate to the Realm of Zot.
 63618 | Depths:5 | Noticed a golden dragon
 63628 | Depths:5 | Killed a golden dragon
 63983 | Depths:5 | Noticed a caustic shrike
 64165 | Depths:5 | Noticed Mennas
 64188 | Depths:5 | Killed Mennas
 64580 | Depths:5 | Identified the +8 faerie dragon scales {+Fly rPois MR-
                  | rCorr Int-3}
 64580 | Depths:5 | Noticed the Enchantress
 64934 | Depths:5 | Learned a level 9 spell: Glaciate
 65030 | Depths:5 | Reached skill level 6 in Polearms
 65035 | Depths:5 | Killed the Enchantress
 65352 | Depths:3 | Reached XP level 24. HP: 144/144 MP: 44/44
 65573 | Elf:1    | Entered Level 1 of the Elven Halls
 66314 | Elf:1    | Identified the cursed +0 leather armour "Paeq" {Slay+3}
 66377 | Elf:1    | Reached skill level 13 in Fighting
 66674 | Elf:2    | Reached skill level 6 in Stealth
 66739 | Elf:2    | Found a white marble altar of Elyvilon.
 66740 | Elf:2    | Found a ruined gateway.
 66740 | Elf:2    | Found a glowing golden altar of the Shining One.
 66838 | Elf:2    | Found a glowing silver altar of Zin.
 66845 | Desolati | Entered the Desolation of Salt
 66944 | Desolati | Reached skill level 19 in Ice Magic
 67044 | Desolati | Reached skill level 20 in Conjurations
 67191 | Desolati | Identified the ring "Isar Toc" {*Tele *Contam +Fly Dex+7}
 67253 | Desolati | Got a vibrating lead amulet
 67256 | Desolati | Identified the amulet of Zelapsu {Spirit Fragile MP+9
                  | Int+3} (You found it in the Desolation of Salt)
 67374 | Desolati | Reached skill level 7 in Polearms
 68210 | Desolati | Reached skill level 7 in Stealth
 68215 | Desolati | Got a faintly humming leather armour
 68803 | Elf:2    | Found a radiant altar of Vehumet.
 68853 | Elf:2    | Found a runed gate.
 68853 | Elf:2    | Found a runed gate.
 68853 | Elf:2    | Found a runed gate.
 69053 | Elf:3    | Entered Level 3 of the Elven Halls
 70457 | Elf:3    | Identified the cursed +0 leather armour of Nifraecy {rPois
                  | Dex-3 SInv Stlth+}
 70457 | Elf:3    | Identified the ring of Dedacaan {AC+3 Dex+3}
 70565 | Elf:3    | Reached skill level 8 in Stealth
 70672 | Elf:3    | Reached skill level 8 in Polearms
 70691 | Elf:3    | Reached skill level 18 in Spellcasting
 70691 | Elf:3    | Reached XP level 25. HP: 152/152 MP: 18/45
 70975 | Elf:3    | Found the +3 giant club "Skullcrusher" {speed, Str+7}
 70997 | Elf:3    | Identified the Papyrus of the Escort
 71814 | Slime:1  | Entered Level 1 of the Pits of Slime
 72049 | Slime:1  | Reached skill level 14 in Fighting
 72360 | Slime:4  | Noticed Dissolution
 72367 | Slime:4  | Killed Dissolution
 72372 | Slime:4  | Gained mutation: You are clumsy. (Dex -2) [a shining eye]
 72496 | Slime:5  | Entered Level 5 of the Pits of Slime
 73176 | Slime:5  | Reached skill level 6 in Evocations
 73373 | Slime:5  | Noticed the Royal Jelly
 73375 | Slime:5  | Found a viscous altar of Jiyva.
 73382 | Slime:5  | Killed the Royal Jelly
 73382 | Slime:5  | Reached skill level 9 in Polearms
 73547 | Slime:5  | Found the +8 orange crystal plate armour {Archmagi, Int+3
                  | Clar}
 73550 | Slime:5  | Found the +8 mithril axe "Arga" {speed, MR+}
 73551 | Slime:5  | Found the +8 storm bow {elec}
 73706 | Slime:5  | Got a smoking cloak
 73744 | Slime:5  | Identified the +2 cloak of Zachid {Dex+8} (You found it on
                  | level 5 of the Pits of Slime)
 73781 | Slime:5  | Got a pitted emerald amulet
 73784 | Slime:5  | Identified the amulet "Yleiseif" {Inacc rC+ MR+ Str-4
                  | Dex+3} (You found it on level 5 of the Pits of Slime)
 73804 | Slime:5  | Got a slimy rune of Zot
 73826 | Slime:5  | Got a translucent brass ring
 73829 | Slime:5  | Identified the ring "Fothria" {Wiz rC+} (You acquired it on
                  | level 5 of the Pits of Slime)
 73838 | Slime:5  | Got a pitted chain mail
 74182 | Depths:1 | Voluntarily entered the Abyss.
 74182 | Abyss:1  | Found a corrupted altar of Lugonu.
 74624 | Abyss:3  | Found a corrupted altar of Lugonu.
 74969 | Abyss:3  | Reached skill level 9 in Dodging
 75643 | Abyss:3  | HP: 36/154 [starcursed mass/accursed screaming (8)]
 75670 | Abyss:3  | Reached skill level 7 in Evocations
 75939 | Abyss:3  | Reached XP level 26. HP: 150/160 MP: 45/45
 75999 | Abyss:3  | Reached skill level 9 in Stealth
 76228 | Abyss:3  | Reached skill level 21 in Conjurations
 76238 | Abyss:3  | HP: 38/160 [rakshasa (illusionary)/+0 trident (6)]
 76241 | Abyss:3  | HP: 14/160 [rakshasa (illusionary)/+0 trident (17)]
 76256 | Abyss:3  | Got an abyssal rune of Zot
 76264 | Abyss:3  | Paralysed by accursed screaming for 1 turns
 76277 | Abyss:3  | Reached skill level 15 in Fighting
 76282 | Depths:1 | Escaped the Abyss
 76559 | Depths:1 | Upgraded the game from 0.23-a0-636-g0ff6057 to
                  | 0.23-a0-650-ga4d50d4
 76643 | Zot:1    | Entered Level 1 of the Realm of Zot
 76650 | Zot:1    | Learned a level 5 spell: Summon Mana Viper
 76672 | Zot:1    | Reached skill level 20 in Ice Magic
 76754 | Zot:1    | Reached skill level 1 in Hexes
 76761 | Zot:1    | You are sucked into a shaft!
 77201 | Zot:1    | Reached skill level 10 in Polearms
 77339 | Zot:1    | Found a runed gate.
 77339 | Zot:1    | Found a runed gate.
 77339 | Zot:1    | Found a runed gate.
 77339 | Zot:1    | Noticed Haggihos's ghost (master VSFi)
 77449 | Zot:1    | Reached skill level 2 in Hexes
 77457 | Zot:1    | Killed Haggihos's ghost
 77521 | Zot:1    | Got a twitching tin ring
 77525 | Zot:1    | Identified the ring "Xaerukk" {Ice +Fly} (You found it on
                  | level 1 of the Realm of Zot)
 77589 | Zot:2    | You are sucked into a shaft!
 77634 | Zot:2    | Reached skill level 10 in Stealth
 77636 | Zot:2    | Reached skill level 8 in Evocations
 77641 | Zot:2    | Reached skill level 3 in Hexes
 78375 | Zot:1    | Reached skill level 10 in Dodging
 78617 | Zot:2    | Reached skill level 4 in Hexes
 78906 | Zot:2    | Reached XP level 27. HP: 140/167 MP: 22/45
 79706 | Zot:3    | Reached skill level 11 in Stealth
 80095 | Zot:3    | Reached skill level 5 in Hexes
 80184 | Zot:3    | Reached skill level 9 in Evocations
 80489 | Zot:3    | Reached skill level 16 in Fighting
 80510 | Zot:3    | Reached skill level 11 in Polearms
 82048 | Zot:5    | Entered Level 5 of the Realm of Zot
 82656 | Zot:5    | Reached skill level 12 in Stealth
 83013 | Zot:5    | Reached skill level 11 in Dodging
 83184 | Zot:5    | Noticed an orb of fire
 83192 | Zot:5    | Killed an orb of fire
 83202 | Zot:5    | Noticed an ancient lich
 83212 | Zot:5    | Cast into level 5 of the Abyss (an ancient lich)
 83212 | Abyss:5  | Entered Level 5 of the Abyss
 83237 | Zot:5    | Escaped the Abyss
 83240 | Zot:5    | Reached skill level 10 in Evocations
 83240 | Zot:5    | Killed an ancient lich
 83240 | Zot:5    | Reached skill level 22 in Conjurations
 83399 | Zot:5    | Noticed an ancient lich
 83408 | Zot:5    | Killed an ancient lich
 83545 | Zot:5    | Noticed an orb of fire
 83548 | Zot:5    | Gained mutation: Scrolls take you much longer to read. [an
                  | orb of fire]
 83551 | Zot:5    | Killed an orb of fire
 83742 | Zot:5    | Reached skill level 21 in Ice Magic
 83765 | Zot:5    | Reached skill level 12 in Polearms
 83792 | Zot:5    | Reached skill level 17 in Fighting
 83975 | Zot:5    | Noticed an orb of fire
 83980 | Zot:5    | Gained mutation: Your spells are a little easier to cast,
                  | but a little less powerful. [an orb of fire]
 83982 | Zot:5    | Killed an orb of fire
 84172 | Zot:5    | Noticed an ancient lich
 84178 | Zot:5    | Killed an ancient lich
 84204 | Zot:5    | Reached skill level 12 in Dodging
 84494 | Zot:5    | Noticed an ancient lich
 84500 | Zot:5    | Killed an ancient lich
 85151 | Zot:5    | Learned a level 2 spell: Passwall
 85151 | Zot:5    | Lost mutation: You are clumsy. (Dex -2) [potion of
                  | mutation]
 85151 | Zot:5    | Lost mutation: Scrolls take you much longer to read.
                  | [potion of mutation]
 85151 | Zot:5    | Lost mutation: Your spells are a little easier to cast, but
                  | a little less powerful. [potion of mutation]
 85151 | Zot:5    | Gained mutation: Your muscles are strong. (Str +2) [potion
                  | of mutation]
 85151 | Zot:5    | Gained mutation: Your muscles are very strong. (Str +4)
                  | [potion of mutation]
 85152 | Zot:5    | Lost mutation: Your muscles are very strong. (Str +4)
                  | [potion of mutation]
 85152 | Zot:5    | Lost mutation: Scrolls take you longer to read. [potion of
                  | mutation]
 85152 | Zot:5    | Lost mutation: Potions are less effective at restoring your
                  | health. [potion of mutation]
 85152 | Zot:5    | Lost mutation: Your muscles are strong. (Str +2) [potion of
                  | mutation]
 85152 | Zot:5    | Gained mutation: You are dopey. (Int -2) [potion of
                  | mutation]
 85152 | Zot:5    | Gained mutation: You are clumsy. (Dex -2) [potion of
                  | mutation]
 85152 | Zot:5    | Gained mutation: Your spells are a little harder to cast,
                  | but a little more powerful. [potion of mutation]
 85152 | Zot:5    | Gained mutation: You are robust. (+10% HP) [potion of
                  | mutation]
 85153 | Zot:5    | Lost mutation: Scrolls take you a little longer to read.
                  | [potion of mutation]
 85153 | Zot:5    | Lost mutation: You are clumsy. (Dex -2) [potion of
                  | mutation]
 85153 | Zot:5    | Gained mutation: You passively map a small area around you.
                  | [potion of mutation]
 85153 | Zot:5    | Lost mutation: You are dopey. (Int -2) [potion of mutation]
 85153 | Zot:5    | Gained mutation: You have a pair of small antennae on your
                  | head. [potion of mutation]
 85172 | Zot:5    | Got the Orb of Zot
 85218 | Zot:4    | Noticed Qegicadd the pandemonium lord
 85286 | Zot:2    | Noticed Isiledgh the pandemonium lord
 85674 | D:$      | Escaped with the Orb!

Vault maps used:
D:1:      scummos_arrival_checkerplants
D:2:      gammafunk_temple_overflow_elements
D:3:      led_xom_imps, first_ration
D:4:      elyvilon_altar_4, nicolae_ru_great_annihilating_truth,
          lemuel_coloured_pillars_altar, minmay_temple_entry_glassed_door,
          kennysheep_potato, uniq_eustachio, uniq_crazy_yiuf_cottage
D:5:      overflow_temple_1_default, kennysheep_little_box, lemuel_doored_altar
D:7:      nicolae_overflow_crystal_walls, lemuel_zombie_altar_yredelemnul,
          glass_columns_c, uniq_menkaure, uniq_harold, uniq_duvessa
D:8:      lemuel_round_altar, kiku_gazebo_pond_becter, grunt_ogre_cave,
          st_stairs_3
D:9:      kennysheep_ambush_hall, serial_shops, shop_coins, serial_ice,
          serial_ice_h, serial_ice_m, serial_ice_d, serial_ice_e,
          minmay_misc_feat_ornament
D:10:     basic_altar, uniq_grum
D:11:     due_lair_maze_entry_diamond, serial_shops, nicolae_shop_waterfront,
          portal_ice_cave_rime
D:12:     orc_0_dummy, uniq_fannar
D:13:     gammafunk_ghost_hive
D:14:     hangedman_vaults_entry_quadrant_bands, chequers_big_river,
          kennysheep_generic_room_13, uniq_roxanne
D:15:     hangedman_depths_entry_civil_slaughter, minmay_misc_feat_roman
Lair:1:   uniq_urug, uniq_sonja, uniq_gastronok
Lair:2:   chequers_serial_rivers_micro_d, eino_small_chamber_without_monster,
          serial_bayou_pond_e
Lair:3:   elwin_shoals_entry_rooms, minmay_snake_entry_guardpost_large,
          minmay_holes, nicolae_lair_grove_arrangements,
          kennysheep_abandoned_house, infiniplex_staircase_pool_2
Lair:4:   uniq_nergalle, uniq_snorg, uniq_kirke
Lair:5:   slime_dummy, chequers_serial_rivers_micro_e, pf_torpor_hydra,
          serial_bayou_shore_b
Lair:6:   gammafunk_lair_ancient_temple, gauntlet_entry_generic
Shoals:1: nicolae_shoals_aquamancer_cove
Shoals:2: cheibrodos_shoals_gigantism, minmay_shop_mayhem, uniq_ilsuiw
Shoals:3: serial_shops, nicolae_shop_waterfront
Shoals:4: shoals_end_grunt_ice, shoals_ilsuiw_ice, ebering_ghost_gozag
Snake:1:  serial_shops, shop, shop_coins, shop_fountains, shop, shop,
          serial_bayou_lagoon_a, lightli_airlock, lemuel_fruit_tree
Snake:3:  nicolae_snake_shapes, uniq_azrael
Snake:4:  grunt_snake_rune_pools, uniq_agnes, uniq_nikola
Slime:3:  nicolae_slime_jelly_donut
Slime:4:  dissolution_awaits
Orc:1:    enter_bailey_2
Orc:2:    st_orc_mages, serial_shops, nicolae_shop_stone, uniq_josephine
Elf:1:    elf_arrival_001, kennysheep_underground_church, nooodl_food_tri
Elf:2:    portal_desolation_entry_holy_temple, david_defended_altar_elf
Elf:3:    minmay_elf_hall_statues, lemuel_flamethrower_hall, grunt_megastairs_3
Vaults:1: vaults_room_large_hall, v_misc_24, v_alt_pattern_4,
          vaults_mumra_minichess_inversion, hangedman_vaults_pinch,
          nicolae_vaults_big_ls, nicolae_vaults_windows_and_doors_thing,
          vaults_room_pool, ontoclasm_vaults_shout,
          nicolae_vaults_twisting_passages, nicolae_vaults_sealed_display,
          ontoclasm_vaults_fault, vaults_room_semicircle, serial_shops, shop
Vaults:2: nicolae_vaults_big_angled_halls, minmay_crypt_entry_simple_box,
          hangedman_vaults_restitches, hangedman_vaults_nodes, v_rooms_4,
          nicolae_vaults_angled_halls, vaults_room_semicircle, serial_shops,
          shop_statue
Vaults:3: vaults_room_pools, nicolae_vaults_an_arrangement, v_misc_10,
          v_rooms_6, v_rooms_1, vaults_room_large_hall, v_misc_10,
          vaults_room_pool, nicolae_vaults_theta,
          hangedman_vaults_stretched_pinwheel, ontoclasm_vaults_gateway,
          hangedman_vaults_capsules, v_misc_15
Vaults:4: nicolae_vaults_mini_display_case, hangedman_vaults_variations,
          vaults_room_stairs_pillars, v_pattern_1, vaults_standard_mumra_lines,
          ontoclasm_vaults_shuriken, vaults_room_semicircle,
          nicolae_vaults_network_quinsquares, hangedman_vaults_slice,
          st_more_cells, vaults_room_stairs_pillars, serial_shops,
          bzr_entry_road
Depths:1: enter_ziggurat_b, rand_demon_pan_entry_7, hell_entry, abyss_entry,
          kennysheep_crisscross, lightli_corner_chamber, minmay_shoptagon
Depths:2: kennysheep_blocky_hall, grunt_mini_vestibule, abyss_entry_crystal,
          nicolae_trove_entry_diagonal, kennysheep_dice
Depths:3: minmay_three_patterns, rand_demon_pan_entry_1, skrybe_limestone_x,
          hell_entry, kennysheep_cluttered_room, st_stairs_5,
          minmay_misc_feat_alley, minmay_hidden_floor,
          infiniplex_staircase_pillars_1
Depths:4: cheibrodos_birdhouse, basic_altar, ebering_ghost_gozag,
          marbit_kobold_abyss_entry, hell_entry, lemuel_nasty_fountain,
          uniq_xtahua
Depths:5: grunt_zot_entry_funnels, abyss_entry, minmay_misc_feat_secret_circle,
          hell_entry, grunt_pan_entry_spiral, uniq_mennas, uniq_enchantress
Zot:1:    kennysheep_room_grid, gammafunk_ghost_necromancy
Zot:2:    lemuel_acid_trip, st_small_dragon_hoard_3, zot_minivault_4
Zot:3:    hangedman_orp_of_zott
Zot:4:    st_stairs_13
Zot:5:    grunt_ministairs_8
Abyss:3:  abyss_exit_lava
Abyss:5:  bh_abyss_negative, hangedman_abyss_mock_shop, minivault_24
Bazaar:   bazaar_kb_twisted_cavern
Trove:    trove_weapons_four_rooms
Bailey:   bailey_axe_3, bailey
IceCv:    ice_cave_tombish
Gauntlet: gammafunk_gauntlet_hard_choice

Skill      XL: |  1  2  3  4  5  6  7  8  9 10 11 12 13 14 15 16 17 18 19 20 21 22 23 24 25 26 27 |
---------------+----------------------------------------------------------------------------------+-----
Fighting       | 1 2 3 4 5 7 8 10 11 12 13 14 15 17 | 17.7
Spellcasting   | 3 4 5 6 8 9 10 11 12 13 14 15 16 17 18 | 18.0
Ice Magic      | 4 5 6 7 9 10 11 12 13 14 15 16 17 18 19 20 21 | 21.5
Fire Magic     | 1 2 4 5 6 8 9 10 11 12 13 | 13.7
Conjurations   | 3 4 6 8 9 10 11 12 13 14 15 16 18 19 20 21 22 | 22.7
Armour         | 1 4 5 7 8 9 10 | 10.0
Dodging        | 2 4 5 6 7 8 9 10 12 | 12.0
Summonings     | 1 6 7 8 9 |  9.5
Air Magic      | 1 3 4 |  4.0
Shields        | 3 4 |  4.0
Stealth        | 4 5 8 10 12 | 12.0
Evocations     | 1 5 7 8 10 | 10.0
Polearms       | 3 6 8 9 10 12 | 12.0
Hexes          | 4 5 |  5.0

Action                   |  1- 3 |  4- 6 |  7- 9 | 10-12 | 13-15 | 16-18 | 19-21 | 22-24 | 25-27 || total
-------------------------+-------+-------+-------+-------+-------+-------+-------+-------+-------++-------
Melee: Hand axe          |     2 |       |       |       |    10 |       |       |       |       ||    12
       Dagger            |    13 |    36 |    17 |   170 |   696 |   465 |    34 |       |       ||  1431
       Staff             |       |       |       |       |     3 |       |    30 |    18 |       ||    51
       Lance             |       |       |       |       |       |       |       |   422 |   777 ||  1199
 Cast: Freeze            |    50 |    74 |   186 |   153 |    54 |       |       |       |       ||   517
       Throw Frost       |     4 |    16 |    65 |    92 |    37 |       |       |       |       ||   214
       Flame Tongue      |       |     4 |    52 |       |       |       |       |       |       ||    56
       Throw Icicle      |       |       |     6 |   107 |    78 |   303 |   518 |   468 |   230 ||  1710
       Throw Flame       |       |       |     3 |   175 |    25 |       |       |       |       ||   203
       Sticky Flame      |       |       |       |    54 |   148 |    53 |     6 |     9 |     3 ||   273
       Summon Lightning  |       |       |       |       |    17 |    10 |     1 |    10 |     5 ||    43
       Freezing Cloud    |       |       |       |       |    51 |    76 |    76 |    59 |    11 ||   273
       Bolt of Fire      |       |       |       |       |    29 |   103 |    37 |    97 |    52 ||   318
       Bolt of Cold      |       |       |       |       |     6 |    34 |    98 |    93 |    58 ||   289
       Spellforged Servi |       |       |       |       |       |    16 |    40 |    56 |   102 ||   214
       Glaciate          |       |       |       |       |       |       |       |     1 |   108 ||   109
       Summon Mana Viper |       |       |       |       |       |       |       |       |    16 ||    16
       Passwall          |       |       |       |       |       |       |       |       |     2 ||     2
 Abil: Fly               |       |       |       |       |     2 |       |       |       |       ||     2
       Stop Flying       |       |       |       |       |     1 |       |       |       |       ||     1
Evoke: Wand              |       |       |     1 |     1 |     7 |       |     1 |       |     3 ||    13
       Fan of gales      |       |       |       |       |       |     1 |       |       |       ||     1
       Staff of energy   |       |       |       |       |       |       |       |       |    43 ||    43
  Use: Scroll            |       |     9 |     5 |    16 |    18 |     4 |     5 |     8 |    28 ||    93
       Potion            |       |       |       |     3 |     2 |     4 |       |     3 |    16 ||    28
 Stab: Sleeping          |     1 |     1 |       |       |     1 |     1 |       |     7 |     3 ||    14
       Invisible         |       |     1 |       |       |       |       |       |       |       ||     1
       Distracted        |       |       |       |       |     1 |     1 |       |     9 |    20 ||    31
  Eat: Chunk             |     3 |     5 |    14 |    31 |    58 |    57 |    34 |    55 |    27 ||   284
       Ration            |       |       |     1 |     3 |     3 |    12 |    10 |     1 |    25 ||    55
Armor: Robe              |    20 |    46 |    66 |    40 |       |   108 |   142 |   248 |   260 ||   930
       Steam dragon scal |       |       |       |    94 |   366 |   230 |       |       |       ||   690
       Ring mail         |       |       |       |     4 |       |       |       |       |       ||     4
       Scale mail        |       |       |       |    14 |    17 |       |       |       |       ||    31
Dodge: Dodged            |    35 |    52 |   127 |   298 |   758 |   578 |   218 |   347 |   413 ||  2826
Block: Other             |       |     7 |    45 |    76 |   192 |    95 |       |       |       ||   415
       Reflection        |       |       |     3 |     2 |     6 |    38 |    39 |    33 |     5 ||   126
       Buckler           |       |       |       |       |       |   117 |   131 |   218 |   234 ||   700

Table legend:
 A = Non-vault XP
 B = Vault XP
 C = Vault XP percentage of total XP
 D = Non-vault monster count
 E = Vault monster count
 F = Vault count percentage of total count
                 A         B        C        D         E       F
            +---------+---------+-------+---------+---------+-------
      Total |  751812 |  781750 |  51.0 |    1577 |     956 |  37.7
            +---------+---------+-------+---------+---------+-------
        D:1 |      37 |       0 |   0.0 |      24 |       0 |   0.0
        D:2 |      28 |       0 |   0.0 |      16 |       0 |   0.0
        D:3 |     148 |     198 |  57.2 |      23 |       4 |  14.8
        D:4 |     277 |     354 |  56.1 |      25 |       7 |  21.9
        D:5 |     647 |       0 |   0.0 |      23 |       0 |   0.0
        D:6 |    1468 |       0 |   0.0 |      20 |       0 |   0.0
        D:7 |     750 |    1355 |  64.4 |      20 |       6 |  23.1
        D:8 |    1183 |     268 |  18.5 |      17 |       4 |  19.0
        D:9 |    4259 |     452 |   9.6 |      37 |      12 |  24.5
       D:10 |    2700 |     548 |  16.9 |      17 |       4 |  19.0
       D:11 |    1401 |    2228 |  61.4 |      20 |      13 |  39.4
       D:12 |   12039 |     760 |   5.9 |      57 |       1 |   1.7
       D:13 |    7643 |    2360 |  23.6 |      39 |      10 |  20.4
       D:14 |    6206 |    7144 |  53.5 |      28 |      21 |  42.9
       D:15 |   16612 |    5220 |  23.9 |      43 |       6 |  12.2
     Lair:1 |    1546 |    3471 |  69.2 |       7 |       3 |  30.0
     Lair:2 |    7123 |       0 |   0.0 |      20 |       0 |   0.0
     Lair:3 |    2022 |    2823 |  58.3 |      10 |      24 |  70.6
     Lair:4 |    6061 |    3587 |  37.2 |      26 |       4 |  13.3
     Lair:5 |   11446 |    1971 |  14.7 |      42 |       4 |   8.7
     Lair:6 |    2449 |   10039 |  80.4 |       9 |      25 |  73.5
   Shoals:1 |   13092 |    4076 |  23.7 |      26 |       5 |  16.1
   Shoals:2 |   20538 |   11520 |  35.9 |      45 |      10 |  18.2
   Shoals:3 |   15601 |       0 |   0.0 |      34 |       0 |   0.0
   Shoals:4 |   19085 |   21919 |  53.5 |      47 |      39 |  45.3
    Snake:1 |   12690 |    4887 |  27.8 |      28 |      11 |  28.2
    Snake:2 |    4641 |       0 |   0.0 |       9 |       0 |   0.0
    Snake:3 |   20054 |    7735 |  27.8 |      43 |      17 |  28.3
    Snake:4 |   16206 |   34326 |  67.9 |      31 |      55 |  64.0
    Slime:1 |    4074 |       0 |   0.0 |       5 |       0 |   0.0
    Slime:2 |    2554 |       0 |   0.0 |      11 |       0 |   0.0
    Slime:3 |    8142 |     388 |   4.5 |      16 |       9 |  36.0
    Slime:4 |   15851 |   10280 |  39.3 |      22 |       1 |   4.3
    Slime:5 |    9433 |   29003 |  75.5 |      16 |      14 |  46.7
      Orc:1 |    4226 |     209 |   4.7 |      40 |       1 |   2.4
      Orc:2 |    3406 |    7443 |  68.6 |      31 |      51 |  62.2
      Elf:1 |   19268 |   10530 |  35.3 |      36 |      17 |  32.1
      Elf:2 |   13144 |    4971 |  27.4 |      19 |       4 |  17.4
      Elf:3 |    9253 |   44531 |  82.8 |      24 |      33 |  57.9
   Vaults:1 |   22827 |   30725 |  57.4 |      46 |      47 |  50.5
   Vaults:2 |   17500 |   12349 |  41.4 |      26 |      19 |  42.2
   Vaults:3 |   25747 |   21425 |  45.4 |      40 |      34 |  45.9
   Vaults:4 |   47568 |   25945 |  35.3 |      65 |      31 |  32.3
   Depths:1 |   26838 |      40 |   0.1 |      33 |       1 |   2.9
   Depths:2 |   39750 |    7546 |  16.0 |      50 |      11 |  18.0
   Depths:3 |   32575 |   43322 |  57.1 |      42 |      32 |  43.2
   Depths:4 |   25325 |    7877 |  23.7 |      22 |      11 |  33.3
   Depths:5 |   25309 |   39552 |  61.0 |      27 |      40 |  59.7
      Zot:1 |   18666 |   34423 |  64.8 |      15 |      31 |  67.4
      Zot:2 |   32163 |   73482 |  69.6 |      21 |      68 |  76.4
      Zot:3 |   34672 |   30720 |  47.0 |      24 |      38 |  61.3
      Zot:4 |   23106 |    1291 |   5.3 |      16 |       1 |   5.9
      Zot:5 |   19473 |  161146 |  89.2 |      10 |      48 |  82.8
    Abyss:1 |   11071 |       0 |   0.0 |      25 |       0 |   0.0
    Abyss:3 |   51919 |   12781 |  19.8 |     109 |      14 |  11.4
     Bailey |       0 |     918 | 100.0 |       0 |      16 | 100.0
      IceCv |       0 |    5281 | 100.0 |       0 |      23 | 100.0
 Desolation |       0 |   35418 | 100.0 |       0 |      70 | 100.0
   Gauntlet |       0 |    2913 | 100.0 |       0 |       6 | 100.0
            +---------+---------+-------+---------+---------+-------

Vault maps used:
D:1:      scummos_arrival_checkerplants
D:2:      gammafunk_temple_overflow_elements
D:3:      led_xom_imps, first_ration
D:4:      elyvilon_altar_4, nicolae_ru_great_annihilating_truth,
          lemuel_coloured_pillars_altar, minmay_temple_entry_glassed_door,
          kennysheep_potato, uniq_eustachio, uniq_crazy_yiuf_cottage
D:5:      overflow_temple_1_default, kennysheep_little_box, lemuel_doored_altar
D:7:      nicolae_overflow_crystal_walls, lemuel_zombie_altar_yredelemnul,
          glass_columns_c, uniq_menkaure, uniq_harold, uniq_duvessa
D:8:      lemuel_round_altar, kiku_gazebo_pond_becter, grunt_ogre_cave,
          st_stairs_3
D:9:      kennysheep_ambush_hall, serial_shops, shop_coins, serial_ice,
          serial_ice_h, serial_ice_m, serial_ice_d, serial_ice_e,
          minmay_misc_feat_ornament
D:10:     basic_altar, uniq_grum
D:11:     due_lair_maze_entry_diamond, serial_shops, nicolae_shop_waterfront,
          portal_ice_cave_rime
D:12:     orc_0_dummy, uniq_fannar
D:13:     gammafunk_ghost_hive
D:14:     hangedman_vaults_entry_quadrant_bands, chequers_big_river,
          kennysheep_generic_room_13, uniq_roxanne
D:15:     hangedman_depths_entry_civil_slaughter, minmay_misc_feat_roman
Lair:1:   uniq_urug, uniq_sonja, uniq_gastronok
Lair:2:   chequers_serial_rivers_micro_d, eino_small_chamber_without_monster,
          serial_bayou_pond_e
Lair:3:   elwin_shoals_entry_rooms, minmay_snake_entry_guardpost_large,
          minmay_holes, nicolae_lair_grove_arrangements,
          kennysheep_abandoned_house, infiniplex_staircase_pool_2
Lair:4:   uniq_nergalle, uniq_snorg, uniq_kirke
Lair:5:   slime_dummy, chequers_serial_rivers_micro_e, pf_torpor_hydra,
          serial_bayou_shore_b
Lair:6:   gammafunk_lair_ancient_temple, gauntlet_entry_generic
Shoals:1: nicolae_shoals_aquamancer_cove
Shoals:2: cheibrodos_shoals_gigantism, minmay_shop_mayhem, uniq_ilsuiw
Shoals:3: serial_shops, nicolae_shop_waterfront
Shoals:4: shoals_end_grunt_ice, shoals_ilsuiw_ice, ebering_ghost_gozag
Snake:1:  serial_shops, shop, shop_coins, shop_fountains, shop, shop,
          serial_bayou_lagoon_a, lightli_airlock, lemuel_fruit_tree
Snake:3:  nicolae_snake_shapes, uniq_azrael
Snake:4:  grunt_snake_rune_pools, uniq_agnes, uniq_nikola
Slime:3:  nicolae_slime_jelly_donut
Slime:4:  dissolution_awaits
Orc:1:    enter_bailey_2
Orc:2:    st_orc_mages, serial_shops, nicolae_shop_stone, uniq_josephine
Elf:1:    elf_arrival_001, kennysheep_underground_church, nooodl_food_tri
Elf:2:    portal_desolation_entry_holy_temple, david_defended_altar_elf
Elf:3:    minmay_elf_hall_statues, lemuel_flamethrower_hall, grunt_megastairs_3
Vaults:1: vaults_room_large_hall, v_misc_24, v_alt_pattern_4,
          vaults_mumra_minichess_inversion, hangedman_vaults_pinch,
          nicolae_vaults_big_ls, nicolae_vaults_windows_and_doors_thing,
          vaults_room_pool, ontoclasm_vaults_shout,
          nicolae_vaults_twisting_passages, nicolae_vaults_sealed_display,
          ontoclasm_vaults_fault, vaults_room_semicircle, serial_shops, shop
Vaults:2: nicolae_vaults_big_angled_halls, minmay_crypt_entry_simple_box,
          hangedman_vaults_restitches, hangedman_vaults_nodes, v_rooms_4,
          nicolae_vaults_angled_halls, vaults_room_semicircle, serial_shops,
          shop_statue
Vaults:3: vaults_room_pools, nicolae_vaults_an_arrangement, v_misc_10,
          v_rooms_6, v_rooms_1, vaults_room_large_hall, v_misc_10,
          vaults_room_pool, nicolae_vaults_theta,
          hangedman_vaults_stretched_pinwheel, ontoclasm_vaults_gateway,
          hangedman_vaults_capsules, v_misc_15
Vaults:4: nicolae_vaults_mini_display_case, hangedman_vaults_variations,
          vaults_room_stairs_pillars, v_pattern_1, vaults_standard_mumra_lines,
          ontoclasm_vaults_shuriken, vaults_room_semicircle,
          nicolae_vaults_network_quinsquares, hangedman_vaults_slice,
          st_more_cells, vaults_room_stairs_pillars, serial_shops,
          bzr_entry_road
Depths:1: enter_ziggurat_b, rand_demon_pan_entry_7, hell_entry, abyss_entry,
          kennysheep_crisscross, lightli_corner_chamber, minmay_shoptagon
Depths:2: kennysheep_blocky_hall, grunt_mini_vestibule, abyss_entry_crystal,
          nicolae_trove_entry_diagonal, kennysheep_dice
Depths:3: minmay_three_patterns, rand_demon_pan_entry_1, skrybe_limestone_x,
          hell_entry, kennysheep_cluttered_room, st_stairs_5,
          minmay_misc_feat_alley, minmay_hidden_floor,
          infiniplex_staircase_pillars_1
Depths:4: cheibrodos_birdhouse, basic_altar, ebering_ghost_gozag,
          marbit_kobold_abyss_entry, hell_entry, lemuel_nasty_fountain,
          uniq_xtahua
Depths:5: grunt_zot_entry_funnels, abyss_entry, minmay_misc_feat_secret_circle,
          hell_entry, grunt_pan_entry_spiral, uniq_mennas, uniq_enchantress
Zot:1:    kennysheep_room_grid, gammafunk_ghost_necromancy
Zot:2:    lemuel_acid_trip, st_small_dragon_hoard_3, zot_minivault_4
Zot:3:    hangedman_orp_of_zott
Zot:4:    st_stairs_13
Zot:5:    grunt_ministairs_8
Abyss:3:  abyss_exit_lava
Abyss:5:  bh_abyss_negative, hangedman_abyss_mock_shop, minivault_24
Bazaar:   bazaar_kb_twisted_cavern
Trove:    trove_weapons_four_rooms
Bailey:   bailey_axe_3, bailey
IceCv:    ice_cave_tombish
Gauntlet: gammafunk_gauntlet_hard_choice

Table legend:
 A = Turns spent in this place as a percentage of turns spent in the entire game.
 B = Non-inter-level travel turns spent in this place as a percentage of non-inter-level travel turns spent in the entire game.
 C = Inter-level travel turns spent in this place as a percentage of turns spent in this place.
 D = Turns resting spent in this place as a percentage of non-inter-level travel turns spent in this place.
 E = Turns spent auto-exploring this place as a percentage of non-inter-level travel turns spent in this place.
 F = Non-inter-level travel turns spent in this place divided by the number of levels of this place that you've seen.
                   A       B       C       D       E      F
               +-------+-------+-------+-------+-------+----------------------
         Total | 100.0 | 100.0 |   8.1 |  19.2 |  59.4 | 1250.0
       Dungeon |  24.7 |  23.6 |  12.2 |  16.4 |  63.3 | 1241.5
          Lair |  10.8 |  10.4 |  11.8 |  12.0 |  65.4 | 1363.7
        Shoals |   7.2 |   7.4 |   5.2 |   8.8 |  77.0 | 1465.0
     Snake Pit |   7.3 |   7.5 |   4.4 |  16.2 |  68.6 | 1486.0
    Slime Pits |   2.3 |   2.1 |  13.2 |  42.8 |  20.0 | 338.0
  Orcish Mines |   3.2 |   3.2 |  10.0 |  28.9 |  44.6 | 1246.0
   Elven Halls |   4.8 |   4.9 |   5.4 |  14.8 |  61.8 | 1293.0
        Vaults |   9.8 |  10.2 |   4.7 |   6.8 |  77.5 | 2004.8
        Depths |  11.4 |  11.4 |   8.3 |  25.6 |  57.2 | 1798.2
           Zot |  10.1 |  10.1 |   8.0 |  27.6 |  51.2 | 1594.4
         Abyss |   2.5 |   2.7 |   0.0 |  11.7 |  24.7 | 531.2
        Bazaar |   0.2 |   0.2 |   0.0 |   0.0 |  36.1 | 144.0
         Trove |   0.1 |   0.1 |   0.0 |   0.0 |  34.9 |  86.0
        Bailey |   0.3 |   0.3 |   0.0 |  16.1 |  42.6 | 230.0
      Ice Cave |   2.7 |   3.0 |   0.0 |  71.6 |   5.3 | 2343.0
    Desolation |   1.7 |   1.9 |   0.0 |  21.3 |  53.0 | 1468.0
      Gauntlet |   0.8 |   0.9 |   0.0 |  36.9 |  23.8 | 701.0
               +-------+-------+-------+-------+-------+----------------------

Table legend:
 A = Kills in this place as a percentage of kills in entire the game.
 B = Kills by you in this place as a percentage of kills by you in the entire game.
 C = Kills by friends in this place as a percentage of kills by friends in the entire game.
 D = Other kills in this place as a percentage of other kills in the entire game.
 E = Experience gained in this place as a percentage of experience gained in the entire game.
 F = Experience gained in this place divided by the number of levels of this place that you have seen.
                   A       B       C       D       E      F
               +-------+-------+-------+-------+-------+----------------------
         Total | 100.0 | 100.0 | 100.0 | 100.0 | 100.0 | 24530.9
       Dungeon |  19.7 |  22.8 |   2.7 |   5.9 |   5.6 | 5745.5
          Lair |   6.8 |   7.7 |   2.1 |   0.0 |   3.4 | 8756.3
        Shoals |   8.1 |   8.0 |   8.6 |  11.8 |   6.8 | 26457.8
     Snake Pit |   7.6 |   7.3 |   8.8 |  17.6 |   6.5 | 25134.8
    Slime Pits |   3.7 |   2.9 |   8.6 |   0.0 |   5.2 | 15945.0
  Orcish Mines |   4.8 |   5.6 |   0.5 |   0.0 |   1.0 | 7642.0
   Elven Halls |   5.2 |   5.3 |   4.3 |  17.6 |   6.6 | 33899.0
        Vaults |  12.1 |  12.0 |  11.8 |  35.3 |  13.2 | 51021.5
        Depths |  10.6 |   9.3 |  18.2 |   5.9 |  16.1 | 49626.8
           Zot |  10.9 |  10.5 |  13.4 |   0.0 |  27.9 | 86225.4
         Abyss |   5.8 |   4.5 |  13.7 |   0.0 |   4.9 | 18942.8
        Bailey |   0.6 |   0.4 |   1.9 |   0.0 |   0.1 | 918.0
      Ice Cave |   0.9 |   1.1 |   0.0 |   0.0 |   0.3 | 5281.0
    Desolation |   2.8 |   2.4 |   5.1 |   0.0 |   2.3 | 35418.0
      Gauntlet |   0.2 |   0.2 |   0.3 |   5.9 |   0.2 | 2913.0
               +-------+-------+-------+-------+-------+----------------------
